Workbook

Sheet Instrucciones
B2: SI YA SIGUES ESTA ESTRATEGIA:
B3: 1. Ve a la pestaña de "Último rebalanceo" e ingresa la posición y costo de tu portafolio actual en la sección de "rebalanceo de mi portafolio"
B4: 2. El formato te calculará automáticamente a los precios de compra que ingreses (vienen a cierre del último rebalanceo por default), los nuevos movimientos que tienes que hacer para continuar siguiendo la estrategia hasta este último rebalanceo.
B6: 3. La información se copiará automáticamente en la sección "seguimiento histórico de mi portafolio" dentro de la pestaña "Portafolio Actual".
B7: 4. En esa misma sección agrega el monto de inversión con el que empezaste a seguir la estrategia así como el saldo de los depósitos - retiros que has hecho al portafolio después de iniciado.
B9: 5. (OPCIONAL). Puedes ingresar la información de los dividendos cobrados totales por emisora dentro del portafolio actual si quieres calcular una aproximación del rendimiento total de cada una de acuerdo a su costo promedio ponderado actual, caso contrario, la columna de "Rendimiento Total" por emisora se convierte en rendimiento simple al momento pero en ningún caso afecta el cálculo del rendimiento total del portafolio.
B13: SI ES TU PRIMERA VEZ Y QUIERES SEGUIR ESTA ESTRATEGIA*:
B14: 1. Ve a la pestaña de "Portafolio Actual" y en la sección de "Empezar mi portafolio desde 0" ingresa la cantidad que quieres invertir en el portafolio de esta estrategia
B15: 2. El formato te calculará automáticamente a los precios de compra que ingreses (vienen a cierre del último rebalanceo por default), la cantidad de títulos que tienes que comprar por emisora para seguir esta estrategia
B17: 3. En la última columna te marcará las diferencias en peso de cada emisora vs el Portafolio Modelo así como un % de desviación total y calificación de indexación.
B19: *También lo puedes usar si ya la sigues pero hiciste un depósito/retiro de recursos de tu portafolio entre fechas de rebalanceo y quieres saber cómo debería de quedar tu portafolio con los cambios para continuar siguiendo la estrategia correctamente (sólo haz los movimientos por las diferencias que te marque entre el nuevo portafolio desde 0 y tu portafolio actual después del depósito/retiro de recursos)
B22: **En la última pestaña están las posiciones de los rebalanceos de los 12 meses anteriores a los 2 presentados en la pestaña "Último rebalanceo"
B24: DISCLAIMER: Los datos y la información proporcionados no deben interpretarse como asesoramiento de inversiones general ni personalizado ni recomendaciones para comprar o vender valores. Los productos u operaciones financieras a los que se refieren esos datos y esa información pueden no ser adecuados para tu perfil, tus objetivos o tus expectativas de inversión. Es tu responsabilidad determinar si cualquier producto u operación financiera es adecuada para tu caso, según tus intereses, objetivos de inversión, horizonte de inversión y propensión al riesgo.

Sheet Estrategia
B2: IPC GMVP
B3: Toma todas las emisoras componentes del índice S&P BMV/IPC, asignándoles la ponderación de acuerdo al método de Portafolio Global de Mínima Varianza (GMVP) de sus rendimientos diarios de los últimos 12 meses. Si alguna ponderación no alcanza a completar al menos 1 título, dicha emisora quedará en 0. Busca estar 100% invertido o lo más cercano a ello.
B6: Fecha de inicio: | C6: 1 de Noviembre 2021
B7: Universo: | C7: S&P BMV/IPC
B8: Rebalanceo: | C8: Semestral
B9: Monto mínimo sugerido: | C9: 25000
B10: Riesgo (volatilidad anual) | C10: Medio (10-15%)
B11: Acciones fraccionadas | C11: No
B12: % Mínimo por emisora | C12: 0
B13: % Máximo por emisora | C13: NA
B14: Efectivo | C14: 0-5%
B16: *Para el remanente de efectivo, se puede seleccionar entre un rendimiento igual al promedio mensual de la TIIE de fondeo a 1 día durante el período entre rebalanceos (base 30/360) o si se quiere omitir, seleccionar 0 en la casilla de TIIE en la pestaña último rebalanceo. No se incluyen los dividendos cobrados en el período para el cálculo.
B18: **Los rendimientos calculados, son brutos (no contemplan ninguna clase de comisión ni impuestos).
B20: 0 | C20: 44501 | D20: 44683 | E20: 44866 | F20: 45048 | G20: 45231 | H20: 45414 | I20: 45597 | J20: 45779
B21: PORTAFOLIO | C21: 0 | D21: 0.065745111 | E21: 0.079134165 | F21: 0.19940471 | G21: 0.11890853 | H21: 0.33206965 | I21: 0.31856385 | J21: 0.40400078
B22: IPC IRT | C22: 0 | D22: 0.010148339 | E22: -0.00057201166 | F22: 0.11545613 | G22: 0.020632278 | H22: 0.17776338 | I22: 0.084476143 | J22: 0.20420556

Sheet Portafolio Actual
B2: IPC Regresión a la media | D2: ='Último rebalanceo'!D2 -> 45414 | F2: TIIE 1 día promedio mensual | H2: ='Último rebalanceo'!H2 -> 0
B3: Valor inicial portafolio | D3: 25000
W4: #NA
B5: Ticker | C5: Compañía | D5: Títulos | E5: Costo Promedio Ponderado | F5: Costo total | G5: Último Cierre de mercado | H5: Valor mercado | I5: Dividendos Cobrados Totales | J5: Rendimiento Total | K5: % Portafolio Modelo | L5: GICS | S5: GICS únicos | T5: PM | U5: MP1 | V5: MP2 | X5: PM | Y5: MP1 | Z5: MP2
B6: {=IF(ROW(A1) <= COUNTA(_xlfn._xlws.FILTER('Último rebalanceo'!B$7:B$41, ('Último rebalanceo'!$K$7:$K$41>0)*ISNUMBER('Último rebalanceo'!$K$7:$K$41))), INDEX(_xlfn._xlws.FILTER('Último rebalanceo'!B$7:$B$41, ('Último rebalanceo'!$K$7:$K$41>0)*ISNUMBER('Último rebalanceo'!$K$7:$K$41)), ROW(A1)), "0")} -> GAPB | C6: =VLOOKUP(B6,GICS!$A:$B,2,0) -> Grupo Aeroportuario del Pacifico, S.A.B. de C.V. | D6: ='Último rebalanceo'!K7 -> 3 | E6: ='Último rebalanceo'!L7 -> 214.37476 | F6: =D6*E6 -> 643.12429 | G6: ='Último rebalanceo'!H7 -> 397.38 | H6: =D6*G6 -> 1192.14 | I6: 230.29 | J6: =(G6+I6/E6)/E6-1 -> 0.85868075 | K6: =H6/$H$43 -> 0.031836986 | L6: =VLOOKUP(B6,GICS!A:C,3,0) -> Industrial | S6: Consumo básico | T6: =SUMIF($L$6:$L$41,S6,$K$6:$K$41) -> 0.14993272 | U6: =SUMIF($L$6:$L$41,$S6,$K$54:$K$89) -> 0.1496119 | V6: =SUMIF($L$6:$L$41,$S6,$I$101:$I$136) -> 0.14807 | W6: {=IFERROR(INDEX(S$6:S$17, SMALL(IF(T$6:T$17>0, ROW(S$6:S$17)-ROW(S$6)+1), ROW(A1))),$W$4)} -> Consumo básico | X6: =IF($W6="", "", INDEX(T$6:T$17, MATCH($W6, $S$6:$S$17, 0))) -> 0.14993272 | Y6: =IF($W6="", "", INDEX(U$6:U$17, MATCH($W6, $S$6:$S$17, 0))) -> 0.1496119 | Z6: =IF($W6="", "", INDEX(V$6:V$17, MATCH($W6, $S$6:$S$17, 0))) -> 0.14807
B7: {=IF(ROW(A2) <= COUNTA(_xlfn._xlws.FILTER('Último rebalanceo'!B$7:B$41, ('Último rebalanceo'!$K$7:$K$41>0)*ISNUMBER('Último rebalanceo'!$K$7:$K$41))), INDEX(_xlfn._xlws.FILTER('Último rebalanceo'!B$7:$B$41, ('Último rebalanceo'!$K$7:$K$41>0)*ISNUMBER('Último rebalanceo'!$K$7:$K$41)), ROW(A2)), "0")} -> ALFAA | C7: =VLOOKUP(B7,GICS!$A:$B,2,0) -> Alfa SA A | D7: ='Último rebalanceo'!K8 -> 87 | E7: ='Último rebalanceo'!L8 -> 13.200222 | F7: =D7*E7 -> 1148.4193 | G7: ='Último rebalanceo'!H8 -> 14.23 | H7: =D7*G7 -> 1238.01 | I7: 22.575911 | J7: =(G7+I7/E7)/E7-1 -> 0.20757566 | K7: =H7/$H$43 -> 0.033061977 | L7: =VLOOKUP(B7,GICS!A:C,3,0) -> Industrial | S7: Industrial | T7: =SUMIF($L$6:$L$41,S7,$K$6:$K$41) -> 0.15608946 | U7: =SUMIF($L$6:$L$41,$S7,$K$54:$K$89) -> 0.15731853 | V7: =SUMIF($L$6:$L$41,$S7,$I$101:$I$136) -> 0.13804167 | W7: {=IFERROR(INDEX(S$6:S$17, SMALL(IF(T$6:T$17>0, ROW(S$6:S$17)-ROW(S$6)+1), ROW(A2))),$W$4)} -> Industrial | X7: =IF($W7="", "", INDEX(T$6:T$17, MATCH($W7, $S$6:$S$17, 0))) -> 0.15608946 | Y7: =IF($W7="", "", INDEX(U$6:U$17, MATCH($W7, $S$6:$S$17, 0))) -> 0.15731853 | Z7: =IF($W7="", "", INDEX(V$6:V$17, MATCH($W7, $S$6:$S$17, 0))) -> 0.13804167
B8: {=IF(ROW(A3) <= COUNTA(_xlfn._xlws.FILTER('Último rebalanceo'!B$7:B$41, ('Último rebalanceo'!$K$7:$K$41>0)*ISNUMBER('Último rebalanceo'!$K$7:$K$41))), INDEX(_xlfn._xlws.FILTER('Último rebalanceo'!B$7:$B$41, ('Último rebalanceo'!$K$7:$K$41>0)*ISNUMBER('Último rebalanceo'!$K$7:$K$41)), ROW(A3)), "0")} -> WALMEX | C8: =VLOOKUP(B8,GICS!$A:$B,2,0) -> Walmart de Mexico SAB de CV | D8: ='Último rebalanceo'!K9 -> 13 | E8: ='Último rebalanceo'!L9 -> 62.753415 | F8: =D8*E8 -> 815.7944 | G8: ='Último rebalanceo'!H9 -> 62.130001 | H8: =D8*G8 -> 807.69001 | I8: 59.2 | J8: =(G8+I8/E8)/E8-1 -> 0.0050987022 | K8: =H8/$H$43 -> 0.021569963 | L8: =VLOOKUP(B8,GICS!A:C,3,0) -> Consumo básico | S8: Consumo discrecional | T8: =SUMIF($L$6:$L$41,S8,$K$6:$K$41) -> 0.14785715 | U8: =SUMIF($L$6:$L$41,$S8,$K$54:$K$89) -> 0.14737554 | V8: =SUMIF($L$6:$L$41,$S8,$I$101:$I$136) -> 0.13869556 | W8: {=IFERROR(INDEX(S$6:S$17, SMALL(IF(T$6:T$17>0, ROW(S$6:S$17)-ROW(S$6)+1), ROW(A3))),$W$4)} -> Consumo discrecional | X8: =IF($W8="", "", INDEX(T$6:T$17, MATCH($W8, $S$6:$S$17, 0))) -> 0.14785715 | Y8: =IF($W8="", "", INDEX(U$6:U$17, MATCH($W8, $S$6:$S$17, 0))) -> 0.14737554 | Z8: =IF($W8="", "", INDEX(V$6:V$17, MATCH($W8, $S$6:$S$17, 0))) -> 0.13869556
B9: {=IF(ROW(A4) <= COUNTA(_xlfn._xlws.FILTER('Último rebalanceo'!B$7:B$41, ('Último rebalanceo'!$K$7:$K$41>0)*ISNUMBER('Último rebalanceo'!$K$7:$K$41))), INDEX(_xlfn._xlws.FILTER('Último rebalanceo'!B$7:$B$41, ('Último rebalanceo'!$K$7:$K$41>0)*ISNUMBER('Último rebalanceo'!$K$7:$K$41)), ROW(A4)), "0")} -> ORBIA | C9: =VLOOKUP(B9,GICS!$A:$B,2,0) -> ORBIA ADVANCE CORPORATION SAB de CV | D9: ='Último rebalanceo'!K10 -> 98 | E9: ='Último rebalanceo'!L10 -> 25.341344 | F9: =D9*E9 -> 2483.4517 | G9: ='Último rebalanceo'!H10 -> 13.24 | H9: =D9*G9 -> 1297.52 | I9: 40.427966 | J9: =(G9+I9/E9)/E9-1 -> -0.41457975 | K9: =H9/$H$43 -> 0.034651236 | L9: =VLOOKUP(B9,GICS!A:C,3,0) -> Materiales | S9: Materiales | T9: =SUMIF($L$6:$L$41,S9,$K$6:$K$41) -> 0.16634901 | U9: =SUMIF($L$6:$L$41,$S9,$K$54:$K$89) -> 0.16682879 | V9: =SUMIF($L$6:$L$41,$S9,$I$101:$I$136) -> 0.168055 | W9: {=IFERROR(INDEX(S$6:S$17, SMALL(IF(T$6:T$17>0, ROW(S$6:S$17)-ROW(S$6)+1), ROW(A4))),$W$4)} -> Materiales | X9: =IF($W9="", "", INDEX(T$6:T$17, MATCH($W9, $S$6:$S$17, 0))) -> 0.16634901 | Y9: =IF($W9="", "", INDEX(U$6:U$17, MATCH($W9, $S$6:$S$17, 0))) -> 0.16682879 | Z9: =IF($W9="", "", INDEX(V$6:V$17, MATCH($W9, $S$6:$S$17, 0))) -> 0.168055
B10: {=IF(ROW(A5) <= COUNTA(_xlfn._xlws.FILTER('Último rebalanceo'!B$7:B$41, ('Último rebalanceo'!$K$7:$K$41>0)*ISNUMBER('Último rebalanceo'!$K$7:$K$41))), INDEX(_xlfn._xlws.FILTER('Último rebalanceo'!B$7:$B$41, ('Último rebalanceo'!$K$7:$K$41>0)*ISNUMBER('Último rebalanceo'!$K$7:$K$41)), ROW(A5)), "0")} -> OMAB | C10: =VLOOKUP(B10,GICS!$A:$B,2,0) -> Grupo Aeroportuario del Centro Norte, S.A.B. de C.V. | D10: ='Último rebalanceo'!K11 -> 5 | E10: ='Último rebalanceo'!L11 -> 106.47656 | F10: =D10*E10 -> 532.3828 | G10: ='Último rebalanceo'!H11 -> 215.78999 | H10: =D10*G10 -> 1078.95 | I10: 424.67335 | J10: =(G10+I10/E10)/E10-1 -> 1.0641014 | K10: =H10/$H$43 -> 0.028814161 | L10: =VLOOKUP(B10,GICS!A:C,3,0) -> Industrial | S10: Financiero | T10: =SUMIF($L$6:$L$41,S10,$K$6:$K$41) -> 0.24031591 | U10: =SUMIF($L$6:$L$41,$S10,$K$54:$K$89) -> 0.23930009 | V10: =SUMIF($L$6:$L$41,$S10,$I$101:$I$136) -> 0.240125 | W10: {=IFERROR(INDEX(S$6:S$17, SMALL(IF(T$6:T$17>0, ROW(S$6:S$17)-ROW(S$6)+1), ROW(A5))),$W$4)} -> Financiero | X10: =IF($W10="", "", INDEX(T$6:T$17, MATCH($W10, $S$6:$S$17, 0))) -> 0.24031591 | Y10: =IF($W10="", "", INDEX(U$6:U$17, MATCH($W10, $S$6:$S$17, 0))) -> 0.23930009 | Z10: =IF($W10="", "", INDEX(V$6:V$17, MATCH($W10, $S$6:$S$17, 0))) -> 0.240125
B11: {=IF(ROW(A6) <= COUNTA(_xlfn._xlws.FILTER('Último rebalanceo'!B$7:B$41, ('Último rebalanceo'!$K$7:$K$41>0)*ISNUMBER('Último rebalanceo'!$K$7:$K$41))), INDEX(_xlfn._xlws.FILTER('Último rebalanceo'!B$7:$B$41, ('Último rebalanceo'!$K$7:$K$41>0)*ISNUMBER('Último rebalanceo'!$K$7:$K$41)), ROW(A6)), "0")} -> TLEVISACPO | C11: =VLOOKUP(B11,GICS!$A:$B,2,0) -> Grupo Televisa SAB CPO | D11: ='Último rebalanceo'!K12 -> 163 | E11: ='Último rebalanceo'!L12 -> 15.705863 | F11: =D11*E11 -> 2560.0557 | G11: ='Último rebalanceo'!H12 -> 7.1399999 | H11: =D11*G11 -> 1163.82 | I11: 113.4 | J11: =(G11+I11/E11)/E11-1 -> -0.085676933 | K11: =H11/$H$43 -> 0.031080678 | L11: =VLOOKUP(B11,GICS!A:C,3,0) -> Servicios de comunicación | S11: Cuidado de la salud | T11: =SUMIF($L$6:$L$41,S11,$K$6:$K$41) -> 0.031216878 | U11: =SUMIF($L$6:$L$41,$S11,$K$54:$K$89) -> 0.030451268 | V11: =SUMIF($L$6:$L$41,$S11,$I$101:$I$136) -> 0.031833333 | W11: {=IFERROR(INDEX(S$6:S$17, SMALL(IF(T$6:T$17>0, ROW(S$6:S$17)-ROW(S$6)+1), ROW(A6))),$W$4)} -> Cuidado de la salud | X11: =IF($W11="", "", INDEX(T$6:T$17, MATCH($W11, $S$6:$S$17, 0))) -> 0.031216878 | Y11: =IF($W11="", "", INDEX(U$6:U$17, MATCH($W11, $S$6:$S$17, 0))) -> 0.030451268 | Z11: =IF($W11="", "", INDEX(V$6:V$17, MATCH($W11, $S$6:$S$17, 0))) -> 0.031833333
B12: {=IF(ROW(A7) <= COUNTA(_xlfn._xlws.FILTER('Último rebalanceo'!B$7:B$41, ('Último rebalanceo'!$K$7:$K$41>0)*ISNUMBER('Último rebalanceo'!$K$7:$K$41))), INDEX(_xlfn._xlws.FILTER('Último rebalanceo'!B$7:$B$41, ('Último rebalanceo'!$K$7:$K$41>0)*ISNUMBER('Último rebalanceo'!$K$7:$K$41)), ROW(A7)), "0")} -> CEMEXCPO | C12: =VLOOKUP(B12,GICS!$A:$B,2,0) -> Cemex SA CPO | D12: ='Último rebalanceo'!K13 -> 76 | E12: ='Último rebalanceo'!L13 -> 10.886807 | F12: =D12*E12 -> 827.39735 | G12: ='Último rebalanceo'!H13 -> 12.13 | H12: =D12*G12 -> 921.88001 | I12: 0.405132 | J12: =(G12+I12/E12)/E12-1 -> 0.11761079 | K12: =H12/$H$43 -> 0.024619491 | L12: =VLOOKUP(B12,GICS!A:C,3,0) -> Materiales | S12: TI | T12: =SUMIF($L$6:$L$41,S12,$K$6:$K$41) -> 0 | U12: =SUMIF($L$6:$L$41,$S12,$K$54:$K$89) -> 0 | V12: =SUMIF($L$6:$L$41,$S12,$I$101:$I$136) -> 0 | W12: {=IFERROR(INDEX(S$6:S$17, SMALL(IF(T$6:T$17>0, ROW(S$6:S$17)-ROW(S$6)+1), ROW(A7))),$W$4)} -> Inmobiliario | X12: =IF($W12="", "", INDEX(T$6:T$17, MATCH($W12, $S$6:$S$17, 0))) -> 0.027207277 | Y12: =IF($W12="", "", INDEX(U$6:U$17, MATCH($W12, $S$6:$S$17, 0))) -> 0.026169414 | Z12: =IF($W12="", "", INDEX(V$6:V$17, MATCH($W12, $S$6:$S$17, 0))) -> 0.026809999
B13: {=IF(ROW(A8) <= COUNTA(_xlfn._xlws.FILTER('Último rebalanceo'!B$7:B$41, ('Último rebalanceo'!$K$7:$K$41>0)*ISNUMBER('Último rebalanceo'!$K$7:$K$41))), INDEX(_xlfn._xlws.FILTER('Último rebalanceo'!B$7:$B$41, ('Último rebalanceo'!$K$7:$K$41>0)*ISNUMBER('Último rebalanceo'!$K$7:$K$41)), ROW(A8)), "0")} -> PINFRA | C13: =VLOOKUP(B13,GICS!$A:$B,2,0) -> Promotora y Operadora de Infraestructura SAB de CV | D13: ='Último rebalanceo'!K14 -> 5 | E13: ='Último rebalanceo'!L14 -> 142.14873 | F13: =D13*E13 -> 710.74364 | G13: ='Último rebalanceo'!H14 -> 219.42999 | H13: =D13*G13 -> 1097.15 | I13: 128.19499 | J13: =(G13+I13/E13)/E13-1 -> 0.55000916 | K13: =H13/$H$43 -> 0.029300206 | L13: =VLOOKUP(B13,GICS!A:C,3,0) -> Industrial | S13: Inmobiliario | T13: =SUMIF($L$6:$L$41,S13,$K$6:$K$41) -> 0.027207277 | U13: =SUMIF($L$6:$L$41,$S13,$K$54:$K$89) -> 0.026169414 | V13: =SUMIF($L$6:$L$41,$S13,$I$101:$I$136) -> 0.026809999 | W13: {=IFERROR(INDEX(S$6:S$17, SMALL(IF(T$6:T$17>0, ROW(S$6:S$17)-ROW(S$6)+1), ROW(A8))),$W$4)} -> Servicios de comunicación | X13: =IF($W13="", "", INDEX(T$6:T$17, MATCH($W13, $S$6:$S$17, 0))) -> 0.078335958 | Y13: =IF($W13="", "", INDEX(U$6:U$17, MATCH($W13, $S$6:$S$17, 0))) -> 0.076618662 | Z13: =IF($W13="", "", INDEX(V$6:V$17, MATCH($W13, $S$6:$S$17, 0))) -> 0.077824444
B14: {=IF(ROW(A9) <= COUNTA(_xlfn._xlws.FILTER('Último rebalanceo'!B$7:B$41, ('Último rebalanceo'!$K$7:$K$41>0)*ISNUMBER('Último rebalanceo'!$K$7:$K$41))), INDEX(_xlfn._xlws.FILTER('Último rebalanceo'!B$7:$B$41, ('Último rebalanceo'!$K$7:$K$41>0)*ISNUMBER('Último rebalanceo'!$K$7:$K$41)), ROW(A9)), "0")} -> GMEXICOB | C14: =VLOOKUP(B14,GICS!$A:$B,2,0) -> Grupo Mexico SAB de CV B | D14: ='Último rebalanceo'!K15 -> 11 | E14: ='Último rebalanceo'!L15 -> 75.837009 | F14: =D14*E14 -> 834.2071 | G14: ='Último rebalanceo'!H15 -> 101.76 | H14: =D14*G14 -> 1119.36 | I14: 211.1 | J14: =(G14+I14/E14)/E14-1 -> 0.37853014 | K14: =H14/$H$43 -> 0.029893342 | L14: =VLOOKUP(B14,GICS!A:C,3,0) -> Materiales | S14: Servicios básicos | T14: =SUMIF($L$6:$L$41,S14,$K$6:$K$41) -> 0 | U14: =SUMIF($L$6:$L$41,$S14,$K$54:$K$89) -> 0 | V14: =SUMIF($L$6:$L$41,$S14,$I$101:$I$136) -> 0 | W14: {=IFERROR(INDEX(S$6:S$17, SMALL(IF(T$6:T$17>0, ROW(S$6:S$17)-ROW(S$6)+1), ROW(A9))),$W$4)} -> Efectivo | X14: =IF($W14="", "", INDEX(T$6:T$17, MATCH($W14, $S$6:$S$17, 0))) -> 0.0026956328 | Y14: =IF($W14="", "", INDEX(U$6:U$17, MATCH($W14, $S$6:$S$17, 0))) -> 0.0063258012 | Z14: =IF($W14="", "", INDEX(V$6:V$17, MATCH($W14, $S$6:$S$17, 0))) -> 0.030545007
B15: {=IF(ROW(A10) <= COUNTA(_xlfn._xlws.FILTER('Último rebalanceo'!B$7:B$41, ('Último rebalanceo'!$K$7:$K$41>0)*ISNUMBER('Último rebalanceo'!$K$7:$K$41))), INDEX(_xlfn._xlws.FILTER('Último rebalanceo'!B$7:$B$41, ('Último rebalanceo'!$K$7:$K$41>0)*ISNUMBER('Último rebalanceo'!$K$7:$K$41)), ROW(A10)), "0")} -> AC | C15: =VLOOKUP(B15,GICS!$A:$B,2,0) -> Arca Continental, SAB de CV | D15: ='Último rebalanceo'!K16 -> 4 | E15: ='Último rebalanceo'!L16 -> 136.77481 | F15: =D15*E15 -> 547.09926 | G15: ='Último rebalanceo'!H16 -> 206.53 | H15: =D15*G15 -> 826.12 | I15: 76.44 | J15: =(G15+I15/E15)/E15-1 -> 0.51408631 | K15: =H15/$H$43 -> 0.022062149 | L15: =VLOOKUP(B15,GICS!A:C,3,0) -> Consumo básico | S15: Energía | T15: =SUMIF($L$6:$L$41,S15,$K$6:$K$41) -> 0 | U15: =SUMIF($L$6:$L$41,$S15,$K$54:$K$89) -> 0 | V15: =SUMIF($L$6:$L$41,$S15,$I$101:$I$136) -> 0 | W15: {=IFERROR(INDEX(S$6:S$17, SMALL(IF(T$6:T$17>0, ROW(S$6:S$17)-ROW(S$6)+1), ROW(A10))),$W$4)} -> #NA | X15: =IF($W15="", "", INDEX(T$6:T$17, MATCH($W15, $S$6:$S$17, 0))) -> #N/A | Y15: =IF($W15="", "", INDEX(U$6:U$17, MATCH($W15, $S$6:$S$17, 0))) -> #N/A | Z15: =IF($W15="", "", INDEX(V$6:V$17, MATCH($W15, $S$6:$S$17, 0))) -> #N/A
B16: {=IF(ROW(A11) <= COUNTA(_xlfn._xlws.FILTER('Último rebalanceo'!B$7:B$41, ('Último rebalanceo'!$K$7:$K$41>0)*ISNUMBER('Último rebalanceo'!$K$7:$K$41))), INDEX(_xlfn._xlws.FILTER('Último rebalanceo'!B$7:$B$41, ('Último rebalanceo'!$K$7:$K$41>0)*ISNUMBER('Último rebalanceo'!$K$7:$K$41)), ROW(A11)), "0")} -> FEMSAUBD | C16: =VLOOKUP(B16,GICS!$A:$B,2,0) -> Fomento Economico Mexicano S.A.B. de C.V. | D16: ='Último rebalanceo'!K17 -> 3 | E16: ='Último rebalanceo'!L17 -> 171.46493 | F16: =D16*E16 -> 514.39478 | G16: ='Último rebalanceo'!H17 -> 206.19 | H16: =D16*G16 -> 618.57001 | I16: 64.9951 | J16: =(G16+I16/E16)/E16-1 -> 0.20473071 | K16: =H16/$H$43 -> 0.016519372 | L16: =VLOOKUP(B16,GICS!A:C,3,0) -> Consumo discrecional | S16: Servicios de comunicación | T16: =SUMIF($L$6:$L$41,S16,$K$6:$K$41) -> 0.078335958 | U16: =SUMIF($L$6:$L$41,$S16,$K$54:$K$89) -> 0.076618662 | V16: =SUMIF($L$6:$L$41,$S16,$I$101:$I$136) -> 0.077824444 | W16: {=IFERROR(INDEX(S$6:S$17, SMALL(IF(T$6:T$17>0, ROW(S$6:S$17)-ROW(S$6)+1), ROW(A11))),$W$4)} -> #NA | X16: =IF($W16="", "", INDEX(T$6:T$17, MATCH($W16, $S$6:$S$17, 0))) -> #N/A | Y16: =IF($W16="", "", INDEX(U$6:U$17, MATCH($W16, $S$6:$S$17, 0))) -> #N/A | Z16: =IF($W16="", "", INDEX(V$6:V$17, MATCH($W16, $S$6:$S$17, 0))) -> #N/A
B17: {=IF(ROW(A12) <= COUNTA(_xlfn._xlws.FILTER('Último rebalanceo'!B$7:B$41, ('Último rebalanceo'!$K$7:$K$41>0)*ISNUMBER('Último rebalanceo'!$K$7:$K$41))), INDEX(_xlfn._xlws.FILTER('Último rebalanceo'!B$7:$B$41, ('Último rebalanceo'!$K$7:$K$41>0)*ISNUMBER('Último rebalanceo'!$K$7:$K$41)), ROW(A12)), "0")} -> AMXB | C17: =VLOOKUP(B17,GICS!$A:$B,2,0) -> America Movil SAB de CV B | D17: ='Último rebalanceo'!K18 -> 34 | E17: ='Último rebalanceo'!L18 -> 15.950917 | F17: =D17*E17 -> 542.33118 | G17: ='Último rebalanceo'!H18 -> 16.969999 | H17: =D17*G17 -> 576.97998 | I17: 28.04 | J17: =(G17+I17/E17)/E17-1 -> 0.174095 | K17: =H17/$H$43 -> 0.015408679 | L17: =VLOOKUP(B17,GICS!A:C,3,0) -> Servicios de comunicación | S17: Efectivo | T17: =SUMIF($L$6:$L$41,S17,$K$6:$K$41) -> 0.0026956328 | U17: =SUMIF($L$6:$L$41,$S17,$K$54:$K$89) -> 0.0063258012 | V17: =SUMIF($L$6:$L$41,$S17,$I$101:$I$136) -> 0.030545007 | W17: {=IFERROR(INDEX(S$6:S$17, SMALL(IF(T$6:T$17>0, ROW(S$6:S$17)-ROW(S$6)+1), ROW(A12))),$W$4)} -> #NA | X17: =IF($W17="", "", INDEX(T$6:T$17, MATCH($W17, $S$6:$S$17, 0))) -> #N/A | Y17: =IF($W17="", "", INDEX(U$6:U$17, MATCH($W17, $S$6:$S$17, 0))) -> #N/A | Z17: =IF($W17="", "", INDEX(V$6:V$17, MATCH($W17, $S$6:$S$17, 0))) -> #N/A
B18: {=IF(ROW(A13) <= COUNTA(_xlfn._xlws.FILTER('Último rebalanceo'!B$7:B$41, ('Último rebalanceo'!$K$7:$K$41>0)*ISNUMBER('Último rebalanceo'!$K$7:$K$41))), INDEX(_xlfn._xlws.FILTER('Último rebalanceo'!B$7:$B$41, ('Último rebalanceo'!$K$7:$K$41>0)*ISNUMBER('Último rebalanceo'!$K$7:$K$41)), ROW(A13)), "0")} -> KOFUBL | C18: =VLOOKUP(B18,GICS!$A:$B,2,0) -> Coca-Cola Femsa SAB de CV UBL | D18: ='Último rebalanceo'!K19 -> 3 | E18: ='Último rebalanceo'!L19 -> 113.06493 | F18: =D18*E18 -> 339.19478 | G18: ='Último rebalanceo'!H19 -> 184.89 | H18: =D18*G18 -> 554.67 | I18: 101.55 | J18: =(G18+I18/E18)/E18-1 -> 0.64319884 | K18: =H18/$H$43 -> 0.014812875 | L18: =VLOOKUP(B18,GICS!A:C,3,0) -> Consumo básico
B19: {=IF(ROW(A14) <= COUNTA(_xlfn._xlws.FILTER('Último rebalanceo'!B$7:B$41, ('Último rebalanceo'!$K$7:$K$41>0)*ISNUMBER('Último rebalanceo'!$K$7:$K$41))), INDEX(_xlfn._xlws.FILTER('Último rebalanceo'!B$7:$B$41, ('Último rebalanceo'!$K$7:$K$41>0)*ISNUMBER('Último rebalanceo'!$K$7:$K$41)), ROW(A14)), "0")} -> ALSEA | C19: =VLOOKUP(B19,GICS!$A:$B,2,0) -> Alsea SA | D19: ='Último rebalanceo'!K20 -> 26 | E19: ='Último rebalanceo'!L20 -> 44.863606 | F19: =D19*E19 -> 1166.4537 | G19: ='Último rebalanceo'!H20 -> 43.970001 | H19: =D19*G19 -> 1143.22 | I19: 10.8 | J19: =(G19+I19/E19)/E19-1 -> -0.014552439 | K19: =H19/$H$43 -> 0.030530541 | L19: =VLOOKUP(B19,GICS!A:C,3,0) -> Consumo discrecional
B20: {=IF(ROW(A15) <= COUNTA(_xlfn._xlws.FILTER('Último rebalanceo'!B$7:B$41, ('Último rebalanceo'!$K$7:$K$41>0)*ISNUMBER('Último rebalanceo'!$K$7:$K$41))), INDEX(_xlfn._xlws.FILTER('Último rebalanceo'!B$7:$B$41, ('Último rebalanceo'!$K$7:$K$41>0)*ISNUMBER('Último rebalanceo'!$K$7:$K$41)), ROW(A15)), "0")} -> GRUMAB | C20: =VLOOKUP(B20,GICS!$A:$B,2,0) -> Gruma SAB B | D20: ='Último rebalanceo'!K21 -> 2 | E20: ='Último rebalanceo'!L21 -> 225.28848 | F20: =D20*E20 -> 450.57697 | G20: ='Último rebalanceo'!H21 -> 373.64999 | H20: =D20*G20 -> 747.29999 | I20: 34.28 | J20: =(G20+I20/E20)/E20-1 -> 0.65921555 | K20: =H20/$H$43 -> 0.019957202 | L20: =VLOOKUP(B20,GICS!A:C,3,0) -> Consumo básico
B21: {=IF(ROW(A16) <= COUNTA(_xlfn._xlws.FILTER('Último rebalanceo'!B$7:B$41, ('Último rebalanceo'!$K$7:$K$41>0)*ISNUMBER('Último rebalanceo'!$K$7:$K$41))), INDEX(_xlfn._xlws.FILTER('Último rebalanceo'!B$7:$B$41, ('Último rebalanceo'!$K$7:$K$41>0)*ISNUMBER('Último rebalanceo'!$K$7:$K$41)), ROW(A16)), "0")} -> ASURB | C21: =VLOOKUP(B21,GICS!$A:$B,2,0) -> Grupo Aeroportuario del Sureste SAB de CV B | D21: ='Último rebalanceo'!K22 -> 2 | E21: ='Último rebalanceo'!L22 -> 366.07857 | F21: =D21*E21 -> 732.15715 | G21: ='Último rebalanceo'!H22 -> 619.27002 | H21: =D21*G21 -> 1238.54 | I21: 151.92613 | J21: =(G21+I21/E21)/E21-1 -> 0.69276509 | K21: =H21/$H$43 -> 0.033076133 | L21: =VLOOKUP(B21,GICS!A:C,3,0) -> Industrial
B22: {=IF(ROW(A17) <= COUNTA(_xlfn._xlws.FILTER('Último rebalanceo'!B$7:B$41, ('Último rebalanceo'!$K$7:$K$41>0)*ISNUMBER('Último rebalanceo'!$K$7:$K$41))), INDEX(_xlfn._xlws.FILTER('Último rebalanceo'!B$7:$B$41, ('Último rebalanceo'!$K$7:$K$41>0)*ISNUMBER('Último rebalanceo'!$K$7:$K$41)), ROW(A17)), "0")} -> BIMBOA | C22: =VLOOKUP(B22,GICS!$A:$B,2,0) -> Grupo Bimbo S.A.B. | D22: ='Último rebalanceo'!K23 -> 18 | E22: ='Último rebalanceo'!L23 -> 61.790351 | F22: =D22*E22 -> 1112.2263 | G22: ='Último rebalanceo'!H23 -> 59.669998 | H22: =D22*G22 -> 1074.06 | I22: 36.5 | J22: =(G22+I22/E22)/E22-1 -> -0.024755413 | K22: =H22/$H$43 -> 0.02868357 | L22: =VLOOKUP(B22,GICS!A:C,3,0) -> Consumo básico
B23: {=IF(ROW(A18) <= COUNTA(_xlfn._xlws.FILTER('Último rebalanceo'!B$7:B$41, ('Último rebalanceo'!$K$7:$K$41>0)*ISNUMBER('Último rebalanceo'!$K$7:$K$41))), INDEX(_xlfn._xlws.FILTER('Último rebalanceo'!B$7:$B$41, ('Último rebalanceo'!$K$7:$K$41>0)*ISNUMBER('Último rebalanceo'!$K$7:$K$41)), ROW(A18)), "0")} -> PE&OLES | C23: =VLOOKUP(B23,GICS!$A:$B,2,0) -> Industrias Penoles | D23: ='Último rebalanceo'!K24 -> 4 | E23: ='Último rebalanceo'!L24 -> 261.60173 | F23: =D23*E23 -> 1046.4069 | G23: ='Último rebalanceo'!H24 -> 392.98999 | H23: =D23*G23 -> 1571.96 | I23: 0.3774 | J23: =(G23+I23/E23)/E23-1 -> 0.50225091 | K23: =H23/$H$43 -> 0.04198036 | L23: =VLOOKUP(B23,GICS!A:C,3,0) -> Materiales
B24: {=IF(ROW(A19) <= COUNTA(_xlfn._xlws.FILTER('Último rebalanceo'!B$7:B$41, ('Último rebalanceo'!$K$7:$K$41>0)*ISNUMBER('Último rebalanceo'!$K$7:$K$41))), INDEX(_xlfn._xlws.FILTER('Último rebalanceo'!B$7:$B$41, ('Último rebalanceo'!$K$7:$K$41>0)*ISNUMBER('Último rebalanceo'!$K$7:$K$41)), ROW(A19)), "0")} -> BBAJIOO | C24: =VLOOKUP(B24,GICS!$A:$B,2,0) -> Banco del Bajio, S.A. | D24: ='Último rebalanceo'!K25 -> 29 | E24: ='Último rebalanceo'!L25 -> 36.9369 | F24: =D24*E24 -> 1071.1701 | G24: ='Último rebalanceo'!H25 -> 47.060001 | H24: =D24*G24 -> 1364.74 | I24: 381.94137 | J24: =(G24+I24/E24)/E24-1 -> 0.55401174 | K24: =H24/$H$43 -> 0.036446398 | L24: =VLOOKUP(B24,GICS!A:C,3,0) -> Financiero
B25: {=IF(ROW(A20) <= COUNTA(_xlfn._xlws.FILTER('Último rebalanceo'!B$7:B$41, ('Último rebalanceo'!$K$7:$K$41>0)*ISNUMBER('Último rebalanceo'!$K$7:$K$41))), INDEX(_xlfn._xlws.FILTER('Último rebalanceo'!B$7:$B$41, ('Último rebalanceo'!$K$7:$K$41>0)*ISNUMBER('Último rebalanceo'!$K$7:$K$41)), ROW(A20)), "0")} -> CUERVO | C25: =VLOOKUP(B25,GICS!$A:$B,2,0) -> Becle, S.A. De C.V. | D25: ='Último rebalanceo'!K26 -> 31 | E25: ='Último rebalanceo'!L26 -> 31.472067 | F25: =D25*E25 -> 975.63407 | G25: ='Último rebalanceo'!H26 -> 22.67 | H25: =D25*G25 -> 702.77 | I25: 17.65188 | J25: =(G25+I25/E25)/E25-1 -> -0.26185735 | K25: =H25/$H$43 -> 0.018767996 | L25: =VLOOKUP(B25,GICS!A:C,3,0) -> Consumo discrecional
B26: {=IF(ROW(A21) <= COUNTA(_xlfn._xlws.FILTER('Último rebalanceo'!B$7:B$41, ('Último rebalanceo'!$K$7:$K$41>0)*ISNUMBER('Último rebalanceo'!$K$7:$K$41))), INDEX(_xlfn._xlws.FILTER('Último rebalanceo'!B$7:$B$41, ('Último rebalanceo'!$K$7:$K$41>0)*ISNUMBER('Último rebalanceo'!$K$7:$K$41)), ROW(A21)), "0")} -> BOLSAA | C26: =VLOOKUP(B26,GICS!$A:$B,2,0) -> Bolsa Mexicana de Valores SA de CV | D26: ='Último rebalanceo'!K27 -> 24 | E26: ='Último rebalanceo'!L27 -> 32.188479 | F26: =D26*E26 -> 772.52351 | G26: ='Último rebalanceo'!H27 -> 41.32 | H26: =D26*G26 -> 991.67999 | I26: 129.28 | J26: =(G26+I26/E26)/E26-1 -> 0.4084649 | K26: =H26/$H$43 -> 0.026483552 | L26: =VLOOKUP(B26,GICS!A:C,3,0) -> Financiero
B27: {=IF(ROW(A22) <= COUNTA(_xlfn._xlws.FILTER('Último rebalanceo'!B$7:B$41, ('Último rebalanceo'!$K$7:$K$41>0)*ISNUMBER('Último rebalanceo'!$K$7:$K$41))), INDEX(_xlfn._xlws.FILTER('Último rebalanceo'!B$7:$B$41, ('Último rebalanceo'!$K$7:$K$41>0)*ISNUMBER('Último rebalanceo'!$K$7:$K$41)), ROW(A22)), "0")} -> VESTA | C27: =VLOOKUP(B27,GICS!$A:$B,2,0) -> Corporacion Inmobiliaria Vesta, S.A.B. DE C.V. | D27: ='Último rebalanceo'!K28 -> 19 | E27: ='Último rebalanceo'!L28 -> 45.58976 | F27: =D27*E27 -> 866.20543 | G27: ='Último rebalanceo'!H28 -> 53.619999 | H27: =D27*G27 -> 1018.78 | I27: 15.042142 | J27: =(G27+I27/E27)/E27-1 -> 0.18337857 | K27: =H27/$H$43 -> 0.027207277 | L27: =VLOOKUP(B27,GICS!A:C,3,0) -> Inmobiliario
B28: {=IF(ROW(A23) <= COUNTA(_xlfn._xlws.FILTER('Último rebalanceo'!B$7:B$41, ('Último rebalanceo'!$K$7:$K$41>0)*ISNUMBER('Último rebalanceo'!$K$7:$K$41))), INDEX(_xlfn._xlws.FILTER('Último rebalanceo'!B$7:$B$41, ('Último rebalanceo'!$K$7:$K$41>0)*ISNUMBER('Último rebalanceo'!$K$7:$K$41)), ROW(A23)), "0")} -> LIVEPOLC-1 | C28: =VLOOKUP(B28,GICS!$A:$B,2,0) -> El Puerto de Liverpool SAB de CV | D28: ='Último rebalanceo'!K29 -> 9 | E28: ='Último rebalanceo'!L29 -> 119.63284 | F28: =D28*E28 -> 1076.6955 | G28: ='Último rebalanceo'!H29 -> 90.309998 | H28: =D28*G28 -> 812.78998 | I28: 44.95 | J28: =(G28+I28/E28)/E28-1 -> -0.24196623 | K28: =H28/$H$43 -> 0.021706161 | L28: =VLOOKUP(B28,GICS!A:C,3,0) -> Consumo discrecional
B29: {=IF(ROW(A24) <= COUNTA(_xlfn._xlws.FILTER('Último rebalanceo'!B$7:B$41, ('Último rebalanceo'!$K$7:$K$41>0)*ISNUMBER('Último rebalanceo'!$K$7:$K$41))), INDEX(_xlfn._xlws.FILTER('Último rebalanceo'!B$7:$B$41, ('Último rebalanceo'!$K$7:$K$41>0)*ISNUMBER('Último rebalanceo'!$K$7:$K$41)), ROW(A24)), "0")} -> LABB | C29: =VLOOKUP(B29,GICS!$A:$B,2,0) -> Genomma Lab Internacional SA de CV | D29: ='Último rebalanceo'!K30 -> 51 | E29: ='Último rebalanceo'!L30 -> 16.600909 | F29: =D29*E29 -> 846.64635 | G29: ='Último rebalanceo'!H30 -> 22.92 | H29: =D29*G29 -> 1168.92 | I29: 132.6589 | J29: =(G29+I29/E29)/E29-1 -> 0.86201025 | K29: =H29/$H$43 -> 0.031216878 | L29: =VLOOKUP(B29,GICS!A:C,3,0) -> Cuidado de la Salud
... B40: {=IF(ROW(A35) <= COUNTA(_xlfn._xlws.FILTER('Último rebalanceo'!B$7:B$41, ('Último rebalanceo'!$K$7:$K$41>0)*ISNUMBER('Último rebalanceo'!$K$7:$K$41))), INDEX(_xlfn._xlws.FILTER('Último rebalanceo'!B$7:$B$41, ('Último rebalanceo'!$K$7:$K$41>0)*ISNUMBER('Último rebalanceo'!$K$7:$K$41)), ROW(A35)), "0")} -> LACOMERUBC | C40: =VLOOKUP(B40,GICS!$A:$B,2,0) -> La Comer, S.A.B. de C.V. | D40: ='Último rebalanceo'!K41 -> 23 | E40: ='Último rebalanceo'!L41 -> 36.380001 | F40: =D40*E40 -> 836.74002 | G40: ='Último rebalanceo'!H41 -> 36.709999 | H40: =D40*G40 -> 844.32998 | I40: 6.348 | J40: =(G40+I40/E40)/E40-1 -> 0.013867222 | K40: =H40/$H$43 -> 0.02254846 | L40: =VLOOKUP(B40,GICS!A:C,3,0) -> Consumo básico
B41: EFECTIVO | D41: ='Último rebalanceo'!K46 -> 100.93832 | E41: ='Último rebalanceo'!L46 -> 0 | F41: =D41*E41 -> 0 | H41: =D41 -> 100.93832 | I41: =SUM(I6:I40)/D3 -> 0.15158836 | K41: =H41/$H$43 -> 0.0026956328 | L41: =B41 -> EFECTIVO
B43: TOTAL | H43: =SUM(H6:H41) -> 37445.128 | I43: Rend. Simple | J43: =H43/D3-1 -> 0.49780512 | K43: =SUM(K6:K41) -> 1
I44: Rend. Logarítmico | J44: =LN(H43/D3) -> 0.40400078
B46: SEGUIMIENTO HISTÓRICO DE MI PORTAFOLIO
B47: Valor inicial portafolio | D47: 25000
B48: Aportaciones netas históricas (depósitos - retiros) | D48: 0
B49: PUEDES AGREGAR LOS DIVIDENDOS COBRADOS HISTÓRICOS POR EMISORA PARA CALCULAR SU RENDIMIENTO TOTAL (SI NO SE AGREGAN, SE VUELVE RENDIMIENTO SIMPLE). AGREGARLOS O NO, NO AFECTA EL CÁLCULO DEL RENDIMIENTO TOTAL DEL PORTAFOLIO
B52: Mi Portafolio
B53: Ticker | C53: Compañía | D53: Títulos | E53: Costo Promedio Ponderado | F53: Costo total | G53: Último Cierre de mercado | H53: Valor mercado | I53: Dividendos Cobrados Totales | J53: Rendimiento Total | K53: % Mi Portafolio | L53: % Portafolio Modelo | M53: Diferencia vs Portafolio Modelo
B54: =B6 -> GAPB | C54: =C6 -> Grupo Aeroportuario del Pacifico, S.A.B. de C.V. | D54: ='Último rebalanceo'!K98 -> 3 | E54: ='Último rebalanceo'!L98 -> 214.37476 | F54: =D54*E54 -> 643.12429 | G54: =G6 -> 397.38 | H54: =D54*G54 -> 1192.14 | I54: 0 | J54: =(H54+I54)/F54-1 -> 0.85366972 | K54: =H54/$H$91 -> 0.032323766 | L54: =K6 -> 0.031836986 | M54: =K54-L54 -> 0.00048677986
B55: =B7 -> ALFAA | C55: =C7 -> Alfa SA A | D55: ='Último rebalanceo'!K99 -> 84 | E55: ='Último rebalanceo'!L99 -> 13.028009 | F55: =D55*E55 -> 1094.3527 | G55: =G7 -> 14.23 | H55: =D55*G55 -> 1195.32 | I55: 0 | J55: =(H55+I55)/F55-1 -> 0.092262039 | K55: =H55/$H$91 -> 0.032409987 | L55: =K7 -> 0.033061977 | M55: =K55-L55 -> -0.00065198986
B56: =B8 -> WALMEX | C56: =C8 -> Walmart de Mexico SAB de CV | D56: ='Último rebalanceo'!K100 -> 13 | E56: ='Último rebalanceo'!L100 -> 63.907787 | F56: =D56*E56 -> 830.80123 | G56: =G8 -> 62.130001 | H56: =D56*G56 -> 807.69001 | I56: 0 | J56: =(H56+I56)/F56-1 -> -0.02781798 | K56: =H56/$H$91 -> 0.021899762 | L56: =K8 -> 0.021569963 | M56: =K56-L56 -> 0.00032979954
B57: =B9 -> ORBIA | C57: =C9 -> ORBIA ADVANCE CORPORATION SAB de CV | D57: ='Último rebalanceo'!K101 -> 95 | E57: ='Último rebalanceo'!L101 -> 24.27686 | F57: =D57*E57 -> 2306.3017 | G57: =G9 -> 13.24 | H57: =D57*G57 -> 1257.8 | I57: 0 | J57: =(H57+I57)/F57-1 -> -0.45462471 | K57: =H57/$H$91 -> 0.034104075 | L57: =K9 -> 0.034651236 | M57: =K57-L57 -> -0.00054716171
B58: =B10 -> OMAB | C58: =C10 -> Grupo Aeroportuario del Centro Norte, S.A.B. de C.V. | D58: ='Último rebalanceo'!K102 -> 5 | E58: ='Último rebalanceo'!L102 -> 106.47656 | F58: =D58*E58 -> 532.3828 | G58: =G10 -> 215.78999 | H58: =D58*G58 -> 1078.95 | I58: 0 | J58: =(H58+I58)/F58-1 -> 1.0266432 | K58: =H58/$H$91 -> 0.029254723 | L58: =K10 -> 0.028814161 | M58: =K58-L58 -> 0.0004405616
B59: =B11 -> TLEVISACPO | C59: =C11 -> Grupo Televisa SAB CPO | D59: ='Último rebalanceo'!K103 -> 157 | E59: ='Último rebalanceo'!L103 -> 16.638202 | F59: =D59*E59 -> 2612.1978 | G59: =G11 -> 7.1399999 | H59: =D59*G59 -> 1120.98 | I59: 0 | J59: =(H59+I59)/F59-1 -> -0.57086711 | K59: =H59/$H$91 -> 0.030394328 | L59: =K11 -> 0.031080678 | M59: =K59-L59 -> -0.00068635057
B60: =B12 -> CEMEXCPO | C60: =C12 -> Cemex SA CPO | D60: ='Último rebalanceo'!K104 -> 73 | E60: ='Último rebalanceo'!L104 -> 10.886807 | F60: =D60*E60 -> 794.73693 | G60: =G12 -> 12.13 | H60: =D60*G60 -> 885.49001 | I60: 0 | J60: =(H60+I60)/F60-1 -> 0.1141926 | K60: =H60/$H$91 -> 0.024009237 | L60: =K12 -> 0.024619491 | M60: =K60-L60 -> -0.00061025485
B61: =B13 -> PINFRA | C61: =C13 -> Promotora y Operadora de Infraestructura SAB de CV | D61: ='Último rebalanceo'!K105 -> 5 | E61: ='Último rebalanceo'!L105 -> 142.14873 | F61: =D61*E61 -> 710.74364 | G61: =G13 -> 219.42999 | H61: =D61*G61 -> 1097.15 | I61: 0 | J61: =(H61+I61)/F61-1 -> 0.54366484 | K61: =H61/$H$91 -> 0.029748199 | L61: =K13 -> 0.029300206 | M61: =K61-L61 -> 0.0004479931
B62: =B14 -> GMEXICOB | C62: =C14 -> Grupo Mexico SAB de CV B | D62: ='Último rebalanceo'!K106 -> 11 | E62: ='Último rebalanceo'!L106 -> 75.837009 | F62: =D62*E62 -> 834.2071 | G62: =G14 -> 101.76 | H62: =D62*G62 -> 1119.36 | I62: 0 | J62: =(H62+I62)/F62-1 -> 0.34182509 | K62: =H62/$H$91 -> 0.030350404 | L62: =K14 -> 0.029893342 | M62: =K62-L62 -> 0.00045706201
B63: =B15 -> AC | C63: =C15 -> Arca Continental, SAB de CV | D63: ='Último rebalanceo'!K107 -> 4 | E63: ='Último rebalanceo'!L107 -> 145.73481 | F63: =D63*E63 -> 582.93925 | G63: =G15 -> 206.53 | H63: =D63*G63 -> 826.12 | I63: 0 | J63: =(H63+I63)/F63-1 -> 0.41716309 | K63: =H63/$H$91 -> 0.022399474 | L63: =K15 -> 0.022062149 | M63: =K63-L63 -> 0.00033732495
B64: =B16 -> FEMSAUBD | C64: =C16 -> Fomento Economico Mexicano S.A.B. de C.V. | D64: ='Último rebalanceo'!K108 -> 3 | E64: ='Último rebalanceo'!L108 -> 171.46493 | F64: =D64*E64 -> 514.39478 | G64: =G16 -> 206.19 | H64: =D64*G64 -> 618.57001 | I64: 0 | J64: =(H64+I64)/F64-1 -> 0.20252 | K64: =H64/$H$91 -> 0.016771949 | L64: =K16 -> 0.016519372 | M64: =K64-L64 -> 0.00025257723
B65: =B17 -> AMXB | C65: =C17 -> America Movil SAB de CV B | D65: ='Último rebalanceo'!K109 -> 33 | E65: ='Último rebalanceo'!L109 -> 16.000119 | F65: =D65*E65 -> 528.00393 | G65: =G17 -> 16.969999 | H65: =D65*G65 -> 560.00998 | I65: 0 | J65: =(H65+I65)/F65-1 -> 0.060617061 | K65: =H65/$H$91 -> 0.015184149 | L65: =K17 -> 0.015408679 | M65: =K65-L65 -> -0.00022453072
... B88: =B40 -> LACOMERUBC | C88: =C40 -> La Comer, S.A.B. de C.V. | D88: ='Último rebalanceo'!K132 -> 22 | E88: ='Último rebalanceo'!L132 -> 36.635 | F88: =D88*E88 -> 805.96999 | G88: =G40 -> 36.709999 | H88: =D88*G88 -> 807.61998 | I88: 0 | J88: =(H88+I88)/F88-1 -> 0.0020472107 | K88: =H88/$H$91 -> 0.021897863 | L88: =K40 -> 0.02254846 | M88: =K88-L88 -> -0.00065059689
B89: =B41 -> EFECTIVO | D89: ='Último rebalanceo'!K137 -> 233.30328 | H89: =D89 -> 233.30328 | K89: =H89/$H$91 -> 0.0063258012 | L89: =K41 -> 0.0026956328 | M89: =K89-L89 -> 0.0036301683
B91: TOTAL | H91: =SUM(H54:H89) -> 36881.223 | I91: Rend. Simple | J91: =H91/(D47+D48)-1 -> 0.47524892 | K91: =SUM(K54:K89) -> 1 | L91: =SUM(L54:L89) -> 1 | M91: {=SUM(ABS(M54:M89))} -> 0.022755137 | N91: =IF(M91<0.1,"Excelente",IF(AND(M91<=0.2,M91>=0.1),"Buena",IF(AND(M91<=0.35,M91>0.2),"Regular","Mala"))) -> Excelente
I92: Rend. Logarítmico | J92: =LN(H91/(D47+D48)) -> 0.38882674 | M92: Indexación con el portafolio Modelo
B95: EMPEZAR MI PORTAFOLIO DESDE 0
B96: ¿Cuánto quieres invertir? | D96: 18000
B97: CAMBIA TU COSTO PROMEDIO PONDERADO AL PRECIO REAL DE COMPRA (POR DEFAULT VIENE EL ÚLTIMO CIERRE DEL MERCADO A LA FECHA DEL PORTAFOLIO)
B99: Mi Portafolio
B100: Ticker | C100: Compañía | D100: Títulos | E100: Costo Promedio Ponderado | F100: Costo total | G100: Último Cierre de mercado | H100: Valor mercado | I100: % Mi Portafolio | J100: % Portafolio Modelo | K100: Diferencia vs Portafolio Modelo
B101: =B6 -> GAPB | C101: =C6 -> Grupo Aeroportuario del Pacifico, S.A.B. de C.V. | D101: {=IF(SUMPRODUCT(ROUND($K$6:$K$40*$D$96/$E$101:$E$135,0),$E$101:$E$135)>$D$96,ROUND($D$96*($D$96/SUMPRODUCT(ROUND($K$6:$K$40*$D$96/$E$101:$E$135,0),$E$101:$E$135))*K6/E101,0),ROUND($D$96*K6/E101,0))} -> 1 | E101: =G6 -> 397.38 | F101: =D101*E101 -> 397.38 | G101: =G6 -> 397.38 | H101: =D101*G101 -> 397.38 | I101: =H101/$H$138 -> 0.022076667 | J101: =K6 -> 0.031836986 | K101: =I101-J101 -> -0.009760319
B102: =B7 -> ALFAA | C102: =C7 -> Alfa SA A | D102: {=IF(SUMPRODUCT(ROUND($K$6:$K$40*$D$96/$E$101:$E$135,0),$E$101:$E$135)>$D$96,ROUND($D$96*($D$96/SUMPRODUCT(ROUND($K$6:$K$40*$D$96/$E$101:$E$135,0),$E$101:$E$135))*K7/E102,0),ROUND($D$96*K7/E102,0))} -> 42 | E102: =G7 -> 14.23 | F102: =D102*E102 -> 597.65998 | G102: =G7 -> 14.23 | H102: =D102*G102 -> 597.65998 | I102: =H102/$H$138 -> 0.033203332 | J102: =K7 -> 0.033061977 | K102: =I102-J102 -> 0.00014135532
B103: =B8 -> WALMEX | C103: =C8 -> Walmart de Mexico SAB de CV | D103: {=IF(SUMPRODUCT(ROUND($K$6:$K$40*$D$96/$E$101:$E$135,0),$E$101:$E$135)>$D$96,ROUND($D$96*($D$96/SUMPRODUCT(ROUND($K$6:$K$40*$D$96/$E$101:$E$135,0),$E$101:$E$135))*K8/E103,0),ROUND($D$96*K8/E103,0))} -> 6 | E103: =G8 -> 62.130001 | F103: =D103*E103 -> 372.78001 | G103: =G8 -> 62.130001 | H103: =D103*G103 -> 372.78001 | I103: =H103/$H$138 -> 0.02071 | J103: =K8 -> 0.021569963 | K103: =I103-J103 -> -0.00085996231
B104: =B9 -> ORBIA | C104: =C9 -> ORBIA ADVANCE CORPORATION SAB de CV | D104: {=IF(SUMPRODUCT(ROUND($K$6:$K$40*$D$96/$E$101:$E$135,0),$E$101:$E$135)>$D$96,ROUND($D$96*($D$96/SUMPRODUCT(ROUND($K$6:$K$40*$D$96/$E$101:$E$135,0),$E$101:$E$135))*K9/E104,0),ROUND($D$96*K9/E104,0))} -> 47 | E104: =G9 -> 13.24 | F104: =D104*E104 -> 622.27999 | G104: =G9 -> 13.24 | H104: =D104*G104 -> 622.27999 | I104: =H104/$H$138 -> 0.034571111 | J104: =K9 -> 0.034651236 | K104: =I104-J104 -> -8.0125719e-05
B105: =B10 -> OMAB | C105: =C10 -> Grupo Aeroportuario del Centro Norte, S.A.B. de C.V. | D105: {=IF(SUMPRODUCT(ROUND($K$6:$K$40*$D$96/$E$101:$E$135,0),$E$101:$E$135)>$D$96,ROUND($D$96*($D$96/SUMPRODUCT(ROUND($K$6:$K$40*$D$96/$E$101:$E$135,0),$E$101:$E$135))*K10/E105,0),ROUND($D$96*K10/E105,0))} -> 2 | E105: =G10 -> 215.78999 | F105: =D105*E105 -> 431.57999 | G105: =G10 -> 215.78999 | H105: =D105*G105 -> 431.57999 | I105: =H105/$H$138 -> 0.023976666 | J105: =K10 -> 0.028814161 | K105: =I105-J105 -> -0.0048374956
B106: =B11 -> TLEVISACPO | C106: =C11 -> Grupo Televisa SAB CPO | D106: {=IF(SUMPRODUCT(ROUND($K$6:$K$40*$D$96/$E$101:$E$135,0),$E$101:$E$135)>$D$96,ROUND($D$96*($D$96/SUMPRODUCT(ROUND($K$6:$K$40*$D$96/$E$101:$E$135,0),$E$101:$E$135))*K11/E106,0),ROUND($D$96*K11/E106,0))} -> 78 | E106: =G11 -> 7.1399999 | F106: =D106*E106 -> 556.91999 | G106: =G11 -> 7.1399999 | H106: =D106*G106 -> 556.91999 | I106: =H106/$H$138 -> 0.030939999 | J106: =K11 -> 0.031080678 | K106: =I106-J106 -> -0.00014067887
B107: =B12 -> CEMEXCPO | C107: =C12 -> Cemex SA CPO | D107: {=IF(SUMPRODUCT(ROUND($K$6:$K$40*$D$96/$E$101:$E$135,0),$E$101:$E$135)>$D$96,ROUND($D$96*($D$96/SUMPRODUCT(ROUND($K$6:$K$40*$D$96/$E$101:$E$135,0),$E$101:$E$135))*K12/E107,0),ROUND($D$96*K12/E107,0))} -> 37 | E107: =G12 -> 12.13 | F107: =D107*E107 -> 448.81 | G107: =G12 -> 12.13 | H107: =D107*G107 -> 448.81 | I107: =H107/$H$138 -> 0.024933889 | J107: =K12 -> 0.024619491 | K107: =I107-J107 -> 0.0003143977
B108: =B13 -> PINFRA | C108: =C13 -> Promotora y Operadora de Infraestructura SAB de CV | D108: {=IF(SUMPRODUCT(ROUND($K$6:$K$40*$D$96/$E$101:$E$135,0),$E$101:$E$135)>$D$96,ROUND($D$96*($D$96/SUMPRODUCT(ROUND($K$6:$K$40*$D$96/$E$101:$E$135,0),$E$101:$E$135))*K13/E108,0),ROUND($D$96*K13/E108,0))} -> 2 | E108: =G13 -> 219.42999 | F108: =D108*E108 -> 438.85999 | G108: =G13 -> 219.42999 | H108: =D108*G108 -> 438.85999 | I108: =H108/$H$138 -> 0.02438111 | J108: =K13 -> 0.029300206 | K108: =I108-J108 -> -0.0049190957
B109: =B14 -> GMEXICOB | C109: =C14 -> Grupo Mexico SAB de CV B | D109: {=IF(SUMPRODUCT(ROUND($K$6:$K$40*$D$96/$E$101:$E$135,0),$E$101:$E$135)>$D$96,ROUND($D$96*($D$96/SUMPRODUCT(ROUND($K$6:$K$40*$D$96/$E$101:$E$135,0),$E$101:$E$135))*K14/E109,0),ROUND($D$96*K14/E109,0))} -> 5 | E109: =G14 -> 101.76 | F109: =D109*E109 -> 508.80001 | G109: =G14 -> 101.76 | H109: =D109*G109 -> 508.80001 | I109: =H109/$H$138 -> 0.028266667 | J109: =K14 -> 0.029893342 | K109: =I109-J109 -> -0.0016266749
B110: =B15 -> AC | C110: =C15 -> Arca Continental, SAB de CV | D110: {=IF(SUMPRODUCT(ROUND($K$6:$K$40*$D$96/$E$101:$E$135,0),$E$101:$E$135)>$D$96,ROUND($D$96*($D$96/SUMPRODUCT(ROUND($K$6:$K$40*$D$96/$E$101:$E$135,0),$E$101:$E$135))*K15/E110,0),ROUND($D$96*K15/E110,0))} -> 2 | E110: =G15 -> 206.53 | F110: =D110*E110 -> 413.06 | G110: =G15 -> 206.53 | H110: =D110*G110 -> 413.06 | I110: =H110/$H$138 -> 0.022947778 | J110: =K15 -> 0.022062149 | K110: =I110-J110 -> 0.00088562862
B111: =B16 -> FEMSAUBD | C111: =C16 -> Fomento Economico Mexicano S.A.B. de C.V. | D111: {=IF(SUMPRODUCT(ROUND($K$6:$K$40*$D$96/$E$101:$E$135,0),$E$101:$E$135)>$D$96,ROUND($D$96*($D$96/SUMPRODUCT(ROUND($K$6:$K$40*$D$96/$E$101:$E$135,0),$E$101:$E$135))*K16/E111,0),ROUND($D$96*K16/E111,0))} -> 1 | E111: =G16 -> 206.19 | F111: =D111*E111 -> 206.19 | G111: =G16 -> 206.19 | H111: =D111*G111 -> 206.19 | I111: =H111/$H$138 -> 0.011455 | J111: =K16 -> 0.016519372 | K111: =I111-J111 -> -0.0050643721
B112: =B17 -> AMXB | C112: =C17 -> America Movil SAB de CV B | D112: {=IF(SUMPRODUCT(ROUND($K$6:$K$40*$D$96/$E$101:$E$135,0),$E$101:$E$135)>$D$96,ROUND($D$96*($D$96/SUMPRODUCT(ROUND($K$6:$K$40*$D$96/$E$101:$E$135,0),$E$101:$E$135))*K17/E112,0),ROUND($D$96*K17/E112,0))} -> 16 | E112: =G17 -> 16.969999 | F112: =D112*E112 -> 271.51999 | G112: =G17 -> 16.969999 | H112: =D112*G112 -> 271.51999 | I112: =H112/$H$138 -> 0.015084444 | J112: =K17 -> 0.015408679 | K112: =I112-J112 -> -0.00032423566
... B135: =B40 -> LACOMERUBC | C135: =C40 -> La Comer, S.A.B. de C.V. | D135: {=IF(SUMPRODUCT(ROUND($K$6:$K$40*$D$96/$E$101:$E$135,0),$E$101:$E$135)>$D$96,ROUND($D$96*($D$96/SUMPRODUCT(ROUND($K$6:$K$40*$D$96/$E$101:$E$135,0),$E$101:$E$135))*K40/E135,0),ROUND($D$96*K40/E135,0))} -> 11 | E135: =G40 -> 36.709999 | F135: =D135*E135 -> 403.80999 | G135: =G40 -> 36.709999 | H135: =D135*G135 -> 403.80999 | I135: =H135/$H$138 -> 0.022433888 | J135: =K40 -> 0.02254846 | K135: =I135-J135 -> -0.00011457186
B136: EFECTIVO | D136: =D96-SUMPRODUCT(D101:D135,E101:E135) -> 549.81013 | H136: =D136 -> 549.81013 | I136: =H136/$H$138 -> 0.030545007 | J136: =K41 -> 0.0026956328 | K136: =I136-J136 -> 0.027849374
B138: TOTAL | H138: =SUM(H101:H136) -> 18000 | I138: =SUM(I101:I136) -> 1 | J138: =SUM(J101:J136) -> 1 | K138: {=SUM(ABS(K101:K136))} -> 0.083058894 | L138: =IF(K138<0.1,"Excelente",IF(AND(K138<=0.2,K138>=0.1),"Buena",IF(AND(K138<=0.35,K138>0.2),"Regular","Mala"))) -> Excelente
K139: Indexación con el portafolio Modelo

Sheet Último rebalanceo
B2: IPC Regresión a la media | D2: 45414 | F2: TIIE 1 día promedio mensual | H2: 0 | J2: 0.0978
B3: Valor inicial portafolio | D3: 25000 | J3: 0
D5: ANTERIOR | K5: NUEVO
B6: Ticker | C6: Compañía | D6: Títulos | E6: Costo Promedio Ponderado | F6: Precio mercado inicio rebalanceo | G6: % Portafolio Modelo | H6: Precio mercado final rebalanceo | I6: Dividendos cobrados en el período | J6: Rendimiento Total del período | K6: Títulos | L6: Costo Promedio Ponderado | M6: Valor mercado | N6: % Portafolio Modelo | O6: Diferencia vs anterior
B7: GAPB | C7: =IFERROR(VLOOKUP(B7,GICS!$A:$B,2,0),0) -> Grupo Aeroportuario del Pacifico, S.A.B. de C.V. | D7: 4 | E7: 214.37476 | F7: 348.54999 | G7: =D7*F7/$F$48 -> 0.040554078 | H7: 397.38 | I7: 27.72 | J7: =(H7+I7/D7)/F7-1 -> 0.1599771 | K7: =D7+D51 -> 3 | L7: =IF(K7>0,IF(K7>D7,(D7*E7+(K7-D7)*E51)/K7,E7),0) -> 214.37476 | M7: =K7*H7 -> 1192.14 | N7: =M7/$M$48 -> 0.031836986 | O7: =N7-G7 -> -0.0087170922
B8: ALFAA | C8: =IFERROR(VLOOKUP(B8,GICS!$A:$B,2,0),0) -> Alfa SA A | D8: 63 | E8: 12.807926 | F8: 14.44 | G8: =D8*F8/$F$48 -> 0.026461668 | H8: 14.23 | I8: 18.487979 | J8: =(H8+I8/D8)/F8-1 -> 0.0057797453 | K8: =D8+D52 -> 87 | L8: =IF(K8>0,IF(K8>D8,(D8*E8+(K8-D8)*E52)/K8,E8),0) -> 13.200222 | M8: =K8*H8 -> 1238.01 | N8: =M8/$M$48 -> 0.033061977 | O8: =N8-G8 -> 0.0066003092
B9: WALMEX | C9: =IFERROR(VLOOKUP(B9,GICS!$A:$B,2,0),0) -> Walmart de Mexico SAB de CV | D9: 15 | E9: 62.753415 | F9: 55.25 | G9: =D9*F9/$F$48 -> 0.024106436 | H9: 62.130001 | I9: 32.55 | J9: =(H9+I9/D9)/F9-1 -> 0.16380092 | K9: =D9+D53 -> 13 | L9: =IF(K9>0,IF(K9>D9,(D9*E9+(K9-D9)*E53)/K9,E9),0) -> 62.753415 | M9: =K9*H9 -> 807.69001 | N9: =M9/$M$48 -> 0.021569963 | O9: =N9-G9 -> -0.0025364736
B10: ORBIA | C10: =IFERROR(VLOOKUP(B10,GICS!$A:$B,2,0),0) -> ORBIA ADVANCE CORPORATION SAB de CV | D10: 66 | E10: 31.208663 | F10: 18.33 | G10: =D10*F10/$F$48 -> 0.035189725 | H10: 13.24 | I10: 1.38501 | J10: =(H10+I10/D10)/F10-1 -> -0.27654202 | K10: =D10+D54 -> 98 | L10: =IF(K10>0,IF(K10>D10,(D10*E10+(K10-D10)*E54)/K10,E10),0) -> 25.341344 | M10: =K10*H10 -> 1297.52 | N10: =M10/$M$48 -> 0.034651236 | O10: =N10-G10 -> -0.00053848855
B11: OMAB | C11: =IFERROR(VLOOKUP(B11,GICS!$A:$B,2,0),0) -> Grupo Aeroportuario del Centro Norte, S.A.B. de C.V. | D11: 8 | E11: 106.47656 | F11: 166.88001 | G11: =D11*F11/$F$48 -> 0.038833252 | H11: 215.78999 | I11: 0 | J11: =(H11+I11/D11)/F11-1 -> 0.29308477 | K11: =D11+D55 -> 5 | L11: =IF(K11>0,IF(K11>D11,(D11*E11+(K11-D11)*E55)/K11,E11),0) -> 106.47656 | M11: =K11*H11 -> 1078.95 | N11: =M11/$M$48 -> 0.028814161 | O11: =N11-G11 -> -0.01001909
B12: TLEVISACPO | C12: =IFERROR(VLOOKUP(B12,GICS!$A:$B,2,0),0) -> Grupo Televisa SAB CPO | D12: 147 | E12: 16.638202 | F12: 9.9 | G12: =D12*F12/$F$48 -> 0.042331338 | H12: 7.1399999 | I12: 0 | J12: =(H12+I12/D12)/F12-1 -> -0.27878789 | K12: =D12+D56 -> 163 | L12: =IF(K12>0,IF(K12>D12,(D12*E12+(K12-D12)*E56)/K12,E12),0) -> 15.705863 | M12: =K12*H12 -> 1163.82 | N12: =M12/$M$48 -> 0.031080678 | O12: =N12-G12 -> -0.01125066
B13: CEMEXCPO | C13: =IFERROR(VLOOKUP(B13,GICS!$A:$B,2,0),0) -> Cemex SA CPO | D13: 88 | E13: 10.886807 | F13: 10.49 | G13: =D13*F13/$F$48 -> 0.026851443 | H13: 12.13 | I13: 0 | J13: =(H13+I13/D13)/F13-1 -> 0.15633938 | K13: =D13+D57 -> 76 | L13: =IF(K13>0,IF(K13>D13,(D13*E13+(K13-D13)*E57)/K13,E13),0) -> 10.886807 | M13: =K13*H13 -> 921.88001 | N13: =M13/$M$48 -> 0.024619491 | O13: =N13-G13 -> -0.0022319516
B14: PINFRA | C14: =IFERROR(VLOOKUP(B14,GICS!$A:$B,2,0),0) -> Promotora y Operadora de Infraestructura SAB de CV | D14: 6 | E14: 142.14873 | F14: 174.34 | G14: =D14*F14/$F$48 -> 0.030426903 | H14: 219.42999 | I14: 15.999084 | J14: =(H14+I14/D14)/F14-1 -> 0.27392745 | K14: =D14+D58 -> 5 | L14: =IF(K14>0,IF(K14>D14,(D14*E14+(K14-D14)*E58)/K14,E14),0) -> 142.14873 | M14: =K14*H14 -> 1097.15 | N14: =M14/$M$48 -> 0.029300206 | O14: =N14-G14 -> -0.0011266972
B15: GMEXICOB | C15: =IFERROR(VLOOKUP(B15,GICS!$A:$B,2,0),0) -> Grupo Mexico SAB de CV B | D15: 11 | E15: 75.837009 | F15: 104.99 | G15: =D15*F15/$F$48 -> 0.0335931 | H15: 101.76 | I15: 26.4 | J15: =(H15+I15/D15)/F15-1 -> -0.0079054756 | K15: =D15+D59 -> 11 | L15: =IF(K15>0,IF(K15>D15,(D15*E15+(K15-D15)*E59)/K15,E15),0) -> 75.837009 | M15: =K15*H15 -> 1119.36 | N15: =M15/$M$48 -> 0.029893342 | O15: =N15-G15 -> -0.0036997578
B16: AC | C16: =IFERROR(VLOOKUP(B16,GICS!$A:$B,2,0),0) -> Arca Continental, SAB de CV | D16: 4 | E16: 136.77481 | F16: 170.69 | G16: =D16*F16/$F$48 -> 0.019859922 | H16: 206.53 | I16: 16.48 | J16: =(H16+I16/D16)/F16-1 -> 0.2341086 | K16: =D16+D60 -> 4 | L16: =IF(K16>0,IF(K16>D16,(D16*E16+(K16-D16)*E60)/K16,E16),0) -> 136.77481 | M16: =K16*H16 -> 826.12 | N16: =M16/$M$48 -> 0.022062149 | O16: =N16-G16 -> 0.0022022267
B17: FEMSAUBD | C17: =IFERROR(VLOOKUP(B17,GICS!$A:$B,2,0),0) -> Fomento Economico Mexicano S.A.B. de C.V. | D17: 2 | E17: 154.10239 | F17: 193.85001 | G17: =D17*F17/$F$48 -> 0.011277304 | H17: 206.19 | I17: 5.0542 | J17: =(H17+I17/D17)/F17-1 -> 0.076693815 | K17: =D17+D61 -> 3 | L17: =IF(K17>0,IF(K17>D17,(D17*E17+(K17-D17)*E61)/K17,E17),0) -> 171.46493 | M17: =K17*H17 -> 618.57001 | N17: =M17/$M$48 -> 0.016519372 | O17: =N17-G17 -> 0.0052420683
B18: AMXB | C18: =IFERROR(VLOOKUP(B18,GICS!$A:$B,2,0),0) -> America Movil SAB de CV B | D18: 37 | E18: 15.950917 | F18: 15.83 | G18: =D18*F18/$F$48 -> 0.01703696 | H18: 16.969999 | I18: 0 | J18: =(H18+I18/D18)/F18-1 -> 0.072015118 | K18: =D18+D62 -> 34 | L18: =IF(K18>0,IF(K18>D18,(D18*E18+(K18-D18)*E62)/K18,E18),0) -> 15.950917 | M18: =K18*H18 -> 576.97998 | N18: =M18/$M$48 -> 0.015408679 | O18: =N18-G18 -> -0.0016282807
... B40: CHDRAUIB | C40: =IFERROR(VLOOKUP(B40,GICS!$A:$B,2,0),0) -> Grupo Comercial Chedraui SA de CV | D40: 4 | E40: 104.0453 | F40: 126.72 | G40: =D40*F40/$F$48 -> 0.014743976 | H40: 126.68 | I40: 8.328 | J40: =(H40+I40/D40)/F40-1 -> 0.016114262 | K40: =D40+D84 -> 6 | L40: =IF(K40>0,IF(K40>D40,(D40*E40+(K40-D40)*E84)/K40,E40),0) -> 111.5902 | M40: =K40*H40 -> 760.08 | N40: =M40/$M$48 -> 0.020298502 | O40: =N40-G40 -> 0.0055545254
B41: LACOMERUBC | C41: =IFERROR(VLOOKUP(B41,GICS!$A:$B,2,0),0) -> La Comer, S.A.B. de C.V. | D41: 23 | E41: 36.380001 | F41: 36.380001 | G41: =D41*F41/$F$48 -> 0.024338848 | H41: 36.709999 | I41: 6.348 | J41: =(H41+I41/D41)/F41-1 -> 0.016657451 | K41: =D41+D89 -> 23 | L41: =IF(K41>0,IF(K41>D41,(D41*E41+(K41-D41)*E89)/K41,E41),0) -> 36.380001 | M41: =K41*H41 -> 844.32998 | N41: =M41/$M$48 -> 0.02254846 | O41: =N41-G41 -> -0.0017903875
B42: 0 | C42: =IFERROR(VLOOKUP(B42,GICS!$A:$B,2,0),0) -> 0 | D42: 0 | E42: 0 | F42: 0 | G42: =D42*F42/$F$48 -> 0 | H42: 0 | I42: 0 | J42: =(H42+I42/D42)/F42-1 -> #DIV/0! | K42: 0 | L42: =IF(K42>0,IF(K42>D42,(D42*E42+(K42-D42)*E90)/K42,E42),0) -> 0 | M42: =K42*H42 -> 0 | N42: =M42/$M$48 -> 0 | O42: =N42-G42 -> 0
B43: 0 | C43: =IFERROR(VLOOKUP(B43,GICS!$A:$B,2,0),0) -> 0 | D43: 0 | E43: 0 | F43: 0 | G43: =D43*F43/$F$48 -> 0 | H43: 0 | I43: 0 | J43: =(H43+I43/D43)/F43-1 -> #DIV/0! | K43: 0 | L43: =IF(K43>0,IF(K43>D43,(D43*E43+(K43-D43)*E91)/K43,E43),0) -> 0 | M43: =K43*H43 -> 0 | N43: =M43/$M$48 -> 0 | O43: =N43-G43 -> 0
B44: 0 | C44: =IFERROR(VLOOKUP(B44,GICS!$A:$B,2,0),0) -> 0 | D44: 0 | E44: 0 | F44: 0 | G44: =D44*F44/$F$48 -> 0 | H44: 0 | I44: 0 | J44: =(H44+I44/D44)/F44-1 -> #DIV/0! | K44: 0 | L44: =IF(K44>0,IF(K44>D44,(D44*E44+(K44-D44)*E92)/K44,E44),0) -> 0 | M44: =K44*H44 -> 0 | N44: =M44/$M$48 -> 0 | O44: =N44-G44 -> 0
B45: 0 | C45: =IFERROR(VLOOKUP(B45,GICS!$A:$B,2,0),0) -> 0 | D45: 0 | E45: 0 | F45: 0 | G45: =D45*F45/$F$48 -> 0 | H45: 0 | I45: 0 | J45: =(H45+I45/D45)/F45-1 -> #DIV/0! | K45: 0 | L45: =IF(K45>0,IF(K45>D45,(D45*E45+(K45-D45)*E93)/K45,E45),0) -> 0 | M45: =K45*H45 -> 0 | N45: =M45/$M$48 -> 0 | O45: =N45-G45 -> 0
B46: EFECTIVO | D46: 275.29569 | E46: 0 | F46: 0 | G46: =D46/$F$48 -> 0.00800772 | H46: =D46*(1+H2)^(180/360) -> 275.29569 | J46: =H46/D46-1 -> 0 | K46: =H46+I48-SUMPRODUCT(D51:D89,E51:E89) -> 100.93832 | M46: =K46 -> 100.93832 | N46: =M46/$M$48 -> 0.0026956328 | O46: =N46-G46 -> -0.0053120871
B48: TOTAL | F48: =SUMPRODUCT(D7:D41,F7:F41)+D46 -> 34378.785 | G48: =SUM(G7:G46) -> 1 | H48: =SUMPRODUCT(D7:D41,H7:H41)+H46 -> 37174.065 | I48: =SUM(I7:I46) -> 271.06264 | J48: =(H48+I48)/F48-1 -> 0.08919287 | K48: Rend. Simple | M48: =SUM(M7:M46) -> 37445.128 | N48: =SUM(N7:N46) -> 1 | O48: =SUMIF(O7:O46,">0",O7:O46) -> 0.069998491
J49: =LN((H48+I48)/F48) -> 0.085436936 | K49: Rend. Logarítmico
B50: =CONCATENATE("Movimientos ",TEXT(D2,"dd-mm-yyyy")," (precios MXN cierre):") -> Movimientos 02-05-2024 (precios MXN cierre): | D50: Compra (Venta) | E50: Precio
B51: =B7 -> GAPB | C51: =C7 -> Grupo Aeroportuario del Pacifico, S.A.B. de C.V. | D51: -1 | E51: =H7 -> 397.38
B52: =B8 -> ALFAA | C52: =C8 -> Alfa SA A | D52: 24 | E52: =H8 -> 14.23
B53: =B9 -> WALMEX | C53: =C9 -> Walmart de Mexico SAB de CV | D53: -2 | E53: =H9 -> 62.130001
B54: =B10 -> ORBIA | C54: =C10 -> ORBIA ADVANCE CORPORATION SAB de CV | D54: 32 | E54: =H10 -> 13.24
B55: =B11 -> OMAB | C55: =C11 -> Grupo Aeroportuario del Centro Norte, S.A.B. de C.V. | D55: -3 | E55: =H11 -> 215.78999
B56: =B12 -> TLEVISACPO | C56: =C12 -> Grupo Televisa SAB CPO | D56: 16 | E56: =H12 -> 7.1399999
B57: =B13 -> CEMEXCPO | C57: =C13 -> Cemex SA CPO | D57: -12 | E57: =H13 -> 12.13
B58: =B14 -> PINFRA | C58: =C14 -> Promotora y Operadora de Infraestructura SAB de CV | D58: -1 | E58: =H14 -> 219.42999
B59: =B15 -> GMEXICOB | C59: =C15 -> Grupo Mexico SAB de CV B | D59: 0 | E59: =H15 -> 101.76
B60: =B16 -> AC | C60: =C16 -> Arca Continental, SAB de CV | D60: 0 | E60: =H16 -> 206.53
B61: =B17 -> FEMSAUBD | C61: =C17 -> Fomento Economico Mexicano S.A.B. de C.V. | D61: 1 | E61: =H17 -> 206.19
B62: =B18 -> AMXB | C62: =C18 -> America Movil SAB de CV B | D62: -3 | E62: =H18 -> 16.969999
... B89: =B45 -> 0 | C89: =C45 -> 0 | D89: 0 | E89: =H45 -> 0
B92: REBALANCEO DE MI PORTAFOLIO
B93: AGREGA TUS TÍTULOS Y COSTO ACTUAL (ANTES DE ESTE REBALANCEO) Y EN LA PARTE INFERIOR CAMBIA A TUS PRECIOS REALES DE EJECUCIÓN (VIENEN POR DEFAULT LOS ÚLTIMOS DE CIERRE A LA FECHA DEL REBALANCEO) PARA OBTENER EL NÚMERO DE TÍTULOS A COMPRAR (VENDER) POR EMISORA.
B96: Mi Portafolio | D96: ANTERIOR | K96: NUEVO
B97: Ticker | C97: Compañía | D97: Títulos | E97: Costo Promedio Ponderado | F97: Precio mercado inicio rebalanceo | G97: % Portafolio Modelo | H97: Precio mercado final rebalanceo | I97: Dividendos cobrados en el período | J97: Rendimiento Total del período | K97: Títulos | L97: Costo Promedio Ponderado | M97: Valor mercado | N97: % Mi Portafolio | O97: Diferencia vs Portafolio Modelo
B98: =B7 -> GAPB | C98: =C7 -> Grupo Aeroportuario del Pacifico, S.A.B. de C.V. | D98: 7 | E98: 214.37476 | F98: =F7 -> 348.54999 | G98: =D98*F98/$F$139 -> 0.072585757 | H98: =H7 -> 397.38 | I98: =IFERROR(I7/D7*D98,0) -> 48.51 | J98: =(H98+I98/D98)/F98-1 -> 0.1599771 | K98: =D98+D142 -> 3 | L98: =IF(K98>0,IF(K98>D98,(D98*E98+(K98-D98)*E142)/K98,E98),0) -> 214.37476 | M98: =K98*H98 -> 1192.14 | N98: =M98/$M$139 -> 0.032323766 | O98: =N98-N7 -> 0.00048677986
B99: =B8 -> ALFAA | C99: =C8 -> Alfa SA A | D99: 71 | E99: 12.807926 | F99: =F8 -> 14.44 | G99: =D99*F99/$F$139 -> 0.030500983 | H99: =H8 -> 14.23 | I99: =IFERROR(I8/D8*D99,0) -> 20.835659 | J99: =(H99+I99/D99)/F99-1 -> 0.0057797453 | K99: =D99+D143 -> 84 | L99: =IF(K99>0,IF(K99>D99,(D99*E99+(K99-D99)*E143)/K99,E99),0) -> 13.028009 | M99: =K99*H99 -> 1195.32 | N99: =M99/$M$139 -> 0.032409987 | O99: =N99-N8 -> -0.00065198986
B100: =B9 -> WALMEX | C100: =C9 -> Walmart de Mexico SAB de CV | D100: 13 | E100: 63.907787 | F100: =F9 -> 55.25 | G100: =D100*F100/$F$139 -> 0.021368003 | H100: =H9 -> 62.130001 | I100: =IFERROR(I9/D9*D100,0) -> 28.21 | J100: =(H100+I100/D100)/F100-1 -> 0.16380092 | K100: =D100+D144 -> 13 | L100: =IF(K100>0,IF(K100>D100,(D100*E100+(K100-D100)*E144)/K100,E100),0) -> 63.907787 | M100: =K100*H100 -> 807.69001 | N100: =M100/$M$139 -> 0.021899762 | O100: =N100-N9 -> 0.00032979954
B101: =B10 -> ORBIA | C101: =C10 -> ORBIA ADVANCE CORPORATION SAB de CV | D101: 39 | E101: 40.12466 | F101: =F10 -> 18.33 | G101: =D101*F101/$F$139 -> 0.021267448 | H101: =H10 -> 13.24 | I101: =IFERROR(I10/D10*D101,0) -> 0.818415 | J101: =(H101+I101/D101)/F101-1 -> -0.27654202 | K101: =D101+D145 -> 95 | L101: =IF(K101>0,IF(K101>D101,(D101*E101+(K101-D101)*E145)/K101,E101),0) -> 24.27686 | M101: =K101*H101 -> 1257.8 | N101: =M101/$M$139 -> 0.034104075 | O101: =N101-N10 -> -0.00054716171
B102: =B11 -> OMAB | C102: =C11 -> Grupo Aeroportuario del Centro Norte, S.A.B. de C.V. | D102: 10 | E102: 106.47656 | F102: =F11 -> 166.88001 | G102: =D102*F102/$F$139 -> 0.049646954 | H102: =H11 -> 215.78999 | I102: =IFERROR(I11/D11*D102,0) -> 0 | J102: =(H102+I102/D102)/F102-1 -> 0.29308477 | K102: =D102+D146 -> 5 | L102: =IF(K102>0,IF(K102>D102,(D102*E102+(K102-D102)*E146)/K102,E102),0) -> 106.47656 | M102: =K102*H102 -> 1078.95 | N102: =M102/$M$139 -> 0.029254723 | O102: =N102-N11 -> 0.0004405616
B103: =B12 -> TLEVISACPO | C103: =C12 -> Grupo Televisa SAB CPO | D103: 198 | E103: 16.638202 | F103: =F12 -> 9.9 | G103: =D103*F103/$F$139 -> 0.058316129 | H103: =H12 -> 7.1399999 | I103: =IFERROR(I12/D12*D103,0) -> 0 | J103: =(H103+I103/D103)/F103-1 -> -0.27878789 | K103: =D103+D147 -> 157 | L103: =IF(K103>0,IF(K103>D103,(D103*E103+(K103-D103)*E147)/K103,E103),0) -> 16.638202 | M103: =K103*H103 -> 1120.98 | N103: =M103/$M$139 -> 0.030394328 | O103: =N103-N12 -> -0.00068635057
B104: =B13 -> CEMEXCPO | C104: =C13 -> Cemex SA CPO | D104: 98 | E104: 10.886807 | F104: =F13 -> 10.49 | G104: =D104*F104/$F$139 -> 0.030583689 | H104: =H13 -> 12.13 | I104: =IFERROR(I13/D13*D104,0) -> 0 | J104: =(H104+I104/D104)/F104-1 -> 0.15633938 | K104: =D104+D148 -> 73 | L104: =IF(K104>0,IF(K104>D104,(D104*E104+(K104-D104)*E148)/K104,E104),0) -> 10.886807 | M104: =K104*H104 -> 885.49001 | N104: =M104/$M$139 -> 0.024009237 | O104: =N104-N13 -> -0.00061025485
B105: =B14 -> PINFRA | C105: =C14 -> Promotora y Operadora de Infraestructura SAB de CV | D105: 7 | E105: 142.14873 | F105: =F14 -> 174.34 | G105: =D105*F105/$F$139 -> 0.036306415 | H105: =H14 -> 219.42999 | I105: =IFERROR(I14/D14*D105,0) -> 18.665598 | J105: =(H105+I105/D105)/F105-1 -> 0.27392745 | K105: =D105+D149 -> 5 | L105: =IF(K105>0,IF(K105>D105,(D105*E105+(K105-D105)*E149)/K105,E105),0) -> 142.14873 | M105: =K105*H105 -> 1097.15 | N105: =M105/$M$139 -> 0.029748199 | O105: =N105-N14 -> 0.0004479931
B106: =B15 -> GMEXICOB | C106: =C15 -> Grupo Mexico SAB de CV B | D106: 12 | E106: 75.837009 | F106: =F15 -> 104.99 | G106: =D106*F106/$F$139 -> 0.037481544 | H106: =H15 -> 101.76 | I106: =IFERROR(I15/D15*D106,0) -> 28.8 | J106: =(H106+I106/D106)/F106-1 -> -0.0079054756 | K106: =D106+D150 -> 11 | L106: =IF(K106>0,IF(K106>D106,(D106*E106+(K106-D106)*E150)/K106,E106),0) -> 75.837009 | M106: =K106*H106 -> 1119.36 | N106: =M106/$M$139 -> 0.030350404 | O106: =N106-N15 -> 0.00045706201
B107: =B16 -> AC | C107: =C16 -> Arca Continental, SAB de CV | D107: 3 | E107: 125.46975 | F107: =F16 -> 170.69 | G107: =D107*F107/$F$139 -> 0.015234129 | H107: =H16 -> 206.53 | I107: =IFERROR(I16/D16*D107,0) -> 12.36 | J107: =(H107+I107/D107)/F107-1 -> 0.2341086 | K107: =D107+D151 -> 4 | L107: =IF(K107>0,IF(K107>D107,(D107*E107+(K107-D107)*E151)/K107,E107),0) -> 145.73481 | M107: =K107*H107 -> 826.12 | N107: =M107/$M$139 -> 0.022399474 | O107: =N107-N16 -> 0.00033732495
B108: =B17 -> FEMSAUBD | C108: =C17 -> Fomento Economico Mexicano S.A.B. de C.V. | D108: 2 | E108: 154.10239 | F108: =F17 -> 193.85001 | G108: =D108*F108/$F$139 -> 0.011534111 | H108: =H17 -> 206.19 | I108: =IFERROR(I17/D17*D108,0) -> 5.0542 | J108: =(H108+I108/D108)/F108-1 -> 0.076693815 | K108: =D108+D152 -> 3 | L108: =IF(K108>0,IF(K108>D108,(D108*E108+(K108-D108)*E152)/K108,E108),0) -> 171.46493 | M108: =K108*H108 -> 618.57001 | N108: =M108/$M$139 -> 0.016771949 | O108: =N108-N17 -> 0.00025257723
B109: =B18 -> AMXB | C109: =C18 -> America Movil SAB de CV B | D109: 32 | E109: 15.96981 | F109: =F18 -> 15.83 | G109: =D109*F109/$F$139 -> 0.015070206 | H109: =H18 -> 16.969999 | I109: =IFERROR(I18/D18*D109,0) -> 0 | J109: =(H109+I109/D109)/F109-1 -> 0.072015118 | K109: =D109+D153 -> 33 | L109: =IF(K109>0,IF(K109>D109,(D109*E109+(K109-D109)*E153)/K109,E109),0) -> 16.000119 | M109: =K109*H109 -> 560.00998 | N109: =M109/$M$139 -> 0.015184149 | O109: =N109-N18 -> -0.00022453072
... B136: =B45 -> 0 | C136: =C45 -> 0 | D136: 0 | E136: 0 | F136: =F45 -> 0 | G136: =D136*F136/$F$139 -> 0 | H136: =H45 -> 0 | I136: =IFERROR(I45/D45*D136,0) -> 0 | J136: =(H136+I136/D136)/F136-1 -> #DIV/0! | K136: =D136+D180 -> 0 | L136: =IF(K136>0,IF(K136>D136,(D136*E136+(K136-D136)*E180)/K136,E136),0) -> 0 | M136: =K136*H136 -> 0 | N136: =M136/$M$139 -> 0 | O136: =N136-N45 -> 0
B137: EFECTIVO | D137: 278.95261 | G137: =D137/$F$139 -> 0.0082988657 | H137: =D137*(1+H2)^(180/360) -> 278.95261 | J137: =H137/D137-1 -> 0 | K137: =H137+I139-SUMPRODUCT(D142:D180,E142:E180) -> 233.30328 | M137: =K137 -> 233.30328 | N137: =M137/$M$139 -> 0.0063258012 | O137: =N137-N46 -> 0.0036301683
B139: TOTAL | F139: =SUMPRODUCT(D98:D132,F98:F132)+D137 -> 33613.342 | G139: =SUM(G98:G137) -> 1 | H139: =SUMPRODUCT(D98:D132,H98:H132)+H137 -> 36611.852 | I139: =SUM(I98:I137) -> 269.37067 | J139: =(H139+I139)/F139-1 -> 0.097219747 | K139: Rend. Simple | M139: =SUM(M98:M137) -> 36881.223 | N139: =SUM(N98:N137) -> 1 | O139: {=SUM(ABS(O98:O137))} -> 0.022755137 | P139: =IF(O139<0.1,"Excelente",IF(AND(O139<=0.2,O139>=0.1),"Buena",IF(AND(O139<=0.35,O139>0.2),"Regular","Mala"))) -> Excelente
J140: =LN((H139+I139)/F139) -> 0.092779477 | K140: Rend. Logarítmico | O140: Indexación con el portafolio Modelo
B141: =B50 -> Movimientos 02-05-2024 (precios MXN cierre): | D141: Compra (Venta) | E141: Precio
B142: =B51 -> GAPB | C142: =C51 -> Grupo Aeroportuario del Pacifico, S.A.B. de C.V. | D142: =IFERROR(ROUND(N7*(($H$139+$I$139)*0.98)/E142,0)-D98,0) -> -4 | E142: =H98 -> 397.38
B143: =B52 -> ALFAA | C143: =C52 -> Alfa SA A | D143: =IFERROR(ROUND(N8*(($H$139+$I$139)*0.98)/E143,0)-D99,0) -> 13 | E143: =H99 -> 14.23
B144: =B53 -> WALMEX | C144: =C53 -> Walmart de Mexico SAB de CV | D144: =IFERROR(ROUND(N9*(($H$139+$I$139)*0.98)/E144,0)-D100,0) -> 0 | E144: =H100 -> 62.130001
B145: =B54 -> ORBIA | C145: =C54 -> ORBIA ADVANCE CORPORATION SAB de CV | D145: =IFERROR(ROUND(N10*(($H$139+$I$139)*0.98)/E145,0)-D101,0) -> 56 | E145: =H101 -> 13.24
B146: =B55 -> OMAB | C146: =C55 -> Grupo Aeroportuario del Centro Norte, S.A.B. de C.V. | D146: =IFERROR(ROUND(N11*(($H$139+$I$139)*0.98)/E146,0)-D102,0) -> -5 | E146: =H102 -> 215.78999
B147: =B56 -> TLEVISACPO | C147: =C56 -> Grupo Televisa SAB CPO | D147: =IFERROR(ROUND(N12*(($H$139+$I$139)*0.98)/E147,0)-D103,0) -> -41 | E147: =H103 -> 7.1399999
B148: =B57 -> CEMEXCPO | C148: =C57 -> Cemex SA CPO | D148: =IFERROR(ROUND(N13*(($H$139+$I$139)*0.98)/E148,0)-D104,0) -> -25 | E148: =H104 -> 12.13
B149: =B58 -> PINFRA | C149: =C58 -> Promotora y Operadora de Infraestructura SAB de CV | D149: =IFERROR(ROUND(N14*(($H$139+$I$139)*0.98)/E149,0)-D105,0) -> -2 | E149: =H105 -> 219.42999
B150: =B59 -> GMEXICOB | C150: =C59 -> Grupo Mexico SAB de CV B | D150: =IFERROR(ROUND(N15*(($H$139+$I$139)*0.98)/E150,0)-D106,0) -> -1 | E150: =H106 -> 101.76
B151: =B60 -> AC | C151: =C60 -> Arca Continental, SAB de CV | D151: =IFERROR(ROUND(N16*(($H$139+$I$139)*0.98)/E151,0)-D107,0) -> 1 | E151: =H107 -> 206.53
B152: =B61 -> FEMSAUBD | C152: =C61 -> Fomento Economico Mexicano S.A.B. de C.V. | D152: =IFERROR(ROUND(N17*(($H$139+$I$139)*0.98)/E152,0)-D108,0) -> 1 | E152: =H108 -> 206.19
B153: =B62 -> AMXB | C153: =C62 -> America Movil SAB de CV B | D153: =IFERROR(ROUND(N18*(($H$139+$I$139)*0.98)/E153,0)-D109,0) -> 1 | E153: =H109 -> 16.969999
... B180: =B89 -> 0 | C180: =C89 -> 0 | D180: =IFERROR(ROUND(N45*(($H$139+$I$139)*0.98)/E180,0)-D136,0) -> 0 | E180: =H136 -> 0

Sheet 12M anteriores
A1: 0 | B1: 45230 | C1: al 30-Abr-24 | D1: 45412 | E1: al 31-Oct-24
A2: Ticker | B2: Títulos | C2: Valor final | D2: Títulos | E2: Valor final
A3: GAPB | B3: 7 | C3: 2138.9478 | D3: 4 | E3: 1394.2
A4: ALFAA | B4: 71 | C4: 890.34 | D4: 63 | E4: 909.72
A5: WALMEX | B5: 13 | C5: 797.94289 | D5: 15 | E5: 828.75
A6: ORBIA | B6: 39 | C6: 1091.5486 | D6: 66 | E6: 1209.78
A7: OMAB | B7: 10 | C7: 1782.9382 | D7: 8 | E7: 1335.04
A8: TLEVISACPO | B8: 198 | C8: 1929.6601 | D8: 147 | E8: 1455.3
A9: CEMEXCPO | B9: 98 | C9: 1327.6681 | D9: 88 | E9: 923.12
A10: PINFRA | B10: 7 | C10: 1182.5934 | D10: 6 | E10: 1046.04
A11: GMEXICOB | B11: 12 | C11: 1244.7996 | D11: 11 | E11: 1154.89
A12: AC | B12: 3 | C12: 492.87964 | D12: 4 | E12: 682.76001
A13: FEMSAUBD | B13: 2 | C13: 402.95999 | D13: 2 | E13: 387.70001
A14: AMXB | B14: 32 | C14: 507.0199 | D14: 37 | E14: 585.71
... A42: EFECTIVO | B42: 1 | C42: 278.95261 | D42: 1 | E42: 275.29569
A43: TOTAL | C43: =SUM(C3:C42) -> 34846.248 | E43: =SUM(E3:E42) -> 34378.785

Sheet GICS
A1: AC | B1: Arca Continental, SAB de CV | C1: Consumo básico
A2: ALFAA | B2: Alfa SA A | C2: Industrial
A3: ALSEA | B3: Alsea SA | C3: Consumo discrecional
A4: AMXB | B4: America Movil SAB de CV B | C4: Servicios de comunicación
A5: ASURB | B5: Grupo Aeroportuario del Sureste SAB de CV B | C5: Industrial
A6: BBAJIOO | B6: Banco del Bajio, S.A. | C6: Financiero
A7: BIMBOA | B7: Grupo Bimbo S.A.B. | C7: Consumo básico
A8: BOLSAA | B8: Bolsa Mexicana de Valores SA de CV | C8: Financiero
A9: CEMEXCPO | B9: Cemex SA CPO | C9: Materiales
A10: CHDRAUIB | B10: Grupo Comercial Chedraui SA de CV | C10: Consumo básico
A11: CUERVO | B11: Becle, S.A. De C.V. | C11: Consumo discrecional
A12: FEMSAUBD | B12: Fomento Economico Mexicano S.A.B. de C.V. | C12: Consumo discrecional
... A35: LACOMERUBC | B35: La Comer, S.A.B. de C.V. | C35: Consumo básico
